Workbook

Sheet ANEXO1
A2: ANEXO 1 - ANALISIS DE COTIZACIONES 2026
B3: REALIZAR LAS OBRAS DE MANTENIMIENTO, ADECUACIÓN, REMODELACIÓN Y MEJORAMIENTO DE LA INFRAESTRUCTURA FÍSICA, INCLUYENDO REDES ELÉCTRICAS, HIDRÁULICAS Y DEMÁS INSTALACIONES TÉCNICAS ASOCIADAS, EN SEDES DEL NIVEL CENTRAL DE LA FISCALÍA GENERAL DE LA NACIÓN – FASE V, BAJO LA MODALIDAD DE PRECIOS UNITARIOS SIN FÓRMULA DE REAJUSTE.”
I5: COTIZACIÓN 1 | L5: COTIZACIÓN 2 | O5: COTIZACIÓN 3 | R5: ANALISIS DE VALORES | Z5: ANALISIS COTIZACIONES 2026
A6: Nº | B6: ÍTEM DE PAGO | C6: ESPECIFICACIONES | E6: DESCRIPCIÓN | F6: UND. | G6: CANTIDAD | I6: INFINIA SAS | L6: TRE-D INGENIERIA Y SOLUCIONES S.A.S. | O6: ALCALA SAS
I7: VALOR UNITARIO | J7: VALOR TOTAL | L7: VALOR UNITARIO | M7: VALOR TOTAL | O7: VALOR UNITARIO | P7: VALOR TOTAL | R7: COTIZACION MAS BAJA | S7: COTIZACION MAS ALTA | T7: PROMEDIO | U7: PORCENTAJE DIFERENCIAL (PROMEDIO/BAJA) | V7: MEDIA ARITMETICA BAJA | Z7: VALOR UNITARIO | AA7: VALOR TOTAL
C8: GENERAL | D8: PARTICULAR | U8: 25 % < / >
E9: PRELIMINARES
A10: 1.1 | E10: Demolición muros en mampostería | F10: M2 | G10: 1 | I10: 54000 | J10: =ROUND((I10*$G10),2) -> 54000 | L10: 33885.747 | M10: =ROUND((L10*$G10),2) -> 33885.75 | O10: 69351.261 | P10: =ROUND((O10*$G10),2) -> 69351.26 | R10: =ROUND(MIN(I10,L10),2) -> 33885.75 | S10: =ROUND(AVERAGE(I10,L10),2) -> 43942.87 | T10: =ROUND(MAX(I10,L10),2) -> 54000 | U10: =+(T10/R10)-1 -> 0.59359023 | V10: =+ROUND(AVERAGE(R10,S10),2) -> 38914.31 | Z10: =V10 -> 38914.31 | AA10: =ROUND((Z10*$G10),2) -> 38914.31
A11: 1.2 | E11: Desmonte de manto asfaltico existente | F11: M2 | G11: 1 | I11: 38400 | J11: =ROUND((I11*$G11),2) -> 38400 | L11: 19273.917 | M11: =ROUND((L11*$G11),2) -> 19273.92 | O11: 27090.336 | P11: =ROUND((O11*$G11),2) -> 27090.34 | R11: =ROUND(MIN(L11,O11),2) -> 19273.92 | S11: =ROUND(AVERAGE(L11,O11),2) -> 23182.13 | T11: =ROUND(MAX(L11,O11),2) -> 27090.34 | U11: =+(T11/R11)-1 -> 0.40554386 | V11: =+ROUND(AVERAGE(R11,S11),2) -> 21228.03 | Z11: =V11 -> 21228.03 | AA11: =ROUND((Z11*$G11),2) -> 21228.03
A12: 1.3 | E12: Demolición de mortero de nivelación existente | F12: M2 | G12: 1 | I12: 21600 | J12: =ROUND((I12*$G12),2) -> 21600 | L12: 19040.256 | M12: =ROUND((L12*$G12),2) -> 19040.26 | O12: 21672.269 | P12: =ROUND((O12*$G12),2) -> 21672.27 | R12: =ROUND(MIN(I12,L12,O12),2) -> 19040.26 | S12: =ROUND(AVERAGE(I12,L12,O12),2) -> 20770.84 | T12: =ROUND(MAX(I12,L12,O12),2) -> 21672.27 | U12: =+(T12/R12)-1 -> 0.13823393 | V12: =+ROUND(AVERAGE(R12,S12),2) -> 19905.55 | Z12: =T12 -> 21672.27 | AA12: =ROUND((Z12*$G12),2) -> 21672.27
A13: 1.4 | E13: Demolición de medias cañas | F13: ML | G13: 1 | I13: 10800 | J13: =ROUND((I13*$G13),2) -> 10800 | L13: 14282.974 | M13: =ROUND((L13*$G13),2) -> 14282.97 | O13: 16254.202 | P13: =ROUND((O13*$G13),2) -> 16254.2 | R13: =ROUND(MIN(I13,L13,O13),2) -> 10800 | S13: =ROUND(AVERAGE(I13,L13,O13),2) -> 13779.06 | T13: =ROUND(MAX(I13,L13,O13),2) -> 16254.2 | U13: =+(T13/R13)-1 -> 0.50501852 | V13: =+ROUND(AVERAGE(R13,S13),2) -> 12289.53 | Z13: =V13 -> 12289.53 | AA13: =ROUND((Z13*$G13),2) -> 12289.53
A14: 1.5 | E14: Desmonte de domos acrílicos | F14: UN | G14: 1 | I14: 144000 | J14: =ROUND((I14*$G14),2) -> 144000 | L14: 16158.441 | M14: =ROUND((L14*$G14),2) -> 16158.44 | O14: 43344.538 | P14: =ROUND((O14*$G14),2) -> 43344.54 | R14: =ROUND(MIN(L14),2) -> 16158.44 | S14: =ROUND(AVERAGE(L14),2) -> 16158.44 | T14: =ROUND(MAX(L14),2) -> 16158.44 | U14: =+(T14/R14)-1 -> 0 | V14: =+ROUND(AVERAGE(R14,S14),2) -> 16158.44 | Z14: =V14 -> 16158.44 | AA14: =ROUND((Z14*$G14),2) -> 16158.44
A15: 1.6 | E15: Desmonte de flanches galvanizados desde 0.20 cm hasta 0.80 cm (incluye disposición final) | F15: ML | G15: 1 | I15: 33600 | J15: =ROUND((I15*$G15),2) -> 33600 | L15: 11054.995 | M15: =ROUND((L15*$G15),2) -> 11054.99 | O15: 13003.361 | P15: =ROUND((O15*$G15),2) -> 13003.36 | R15: =ROUND(MIN(L15,O15),2) -> 11054.99 | S15: =ROUND(AVERAGE(L15,O15),2) -> 12029.18 | T15: =ROUND(MAX(L15,O15),2) -> 13003.36 | U15: =+(T15/R15)-1 -> 0.17624349 | V15: =+ROUND(AVERAGE(R15,S15),2) -> 11542.09 | Z15: =T15 -> 13003.36 | AA15: =ROUND((Z15*$G15),2) -> 13003.36
A16: 1.7 | E16: Desmonte de equipos de extracción | F16: UN | G16: 1 | I16: 114000 | J16: =ROUND((I16*$G16),2) -> 114000 | L16: 226078.47 | M16: =ROUND((L16*$G16),2) -> 226078.47 | O16: 159291.18 | P16: =ROUND((O16*$G16),2) -> 159291.18 | R16: =ROUND(MIN(I16,O16),2) -> 114000 | S16: =ROUND(AVERAGE(I16,O16),2) -> 136645.59 | T16: =ROUND(MAX(I16,O16),2) -> 159291.18 | U16: =+(T16/R16)-1 -> 0.39729105 | V16: =+ROUND(AVERAGE(R16,S16),2) -> 125322.8 | Z16: =V16 -> 125322.8 | AA16: =ROUND((Z16*$G16),2) -> 125322.8
A17: 1.8 | E17: Desmonte y retiro de tapete / alfombra existente incluye disposición final el sitio autorizado | F17: M2 | G17: 1 | I17: 18000 | J17: =ROUND((I17*$G17),2) -> 18000 | L17: 22253.4 | M17: =ROUND((L17*$G17),2) -> 22253.4 | O17: 37926.471 | P17: =ROUND((O17*$G17),2) -> 37926.47 | R17: =ROUND(MIN(I17,L17),2) -> 18000 | S17: =ROUND(AVERAGE(I17,L17),2) -> 20126.7 | T17: =ROUND(MAX(I17,L17),2) -> 22253.4 | U17: =+(T17/R17)-1 -> 0.2363 | V17: =+ROUND(AVERAGE(R17,S17),2) -> 19063.35 | Z17: =T17 -> 22253.4 | AA17: =ROUND((Z17*$G17),2) -> 22253.4
A18: 1.9 | E18: Demolición de piso existente | F18: M2 | G18: 1 | I18: 45600 | J18: =ROUND((I18*$G18),2) -> 45600 | L18: 16999.125 | M18: =ROUND((L18*$G18),2) -> 16999.13 | O18: 21672.269 | P18: =ROUND((O18*$G18),2) -> 21672.27 | R18: =ROUND(MIN(L18,O18),2) -> 16999.13 | S18: =ROUND(AVERAGE(L18,O18),2) -> 19335.7 | T18: =ROUND(MAX(L18,O18),2) -> 21672.27 | U18: =+(T18/R18)-1 -> 0.27490466 | V18: =+ROUND(AVERAGE(R18,S18),2) -> 18167.42 | Z18: =V18 -> 18167.42 | AA18: =ROUND((Z18*$G18),2) -> 18167.42
A19: 1.1 | E19: Desmonte de guarda escoba | F19: ML | G19: 1 | I19: 10000 | J19: =ROUND((I19*$G19),2) -> 10000 | L19: 5512.6617 | M19: =ROUND((L19*$G19),2) -> 5512.66 | O19: 10836.134 | P19: =ROUND((O19*$G19),2) -> 10836.13 | R19: =ROUND(MIN(I19,L19,O19),2) -> 5512.66 | S19: =ROUND(AVERAGE(I19,L19,O19),2) -> 8782.93 | T19: =ROUND(MAX(I19,L19,O19),2) -> 10836.13 | U19: =+(T19/R19)-1 -> 0.96568081 | V19: =+ROUND(AVERAGE(R19,S19),2) -> 7147.8 | Z19: =V19 -> 7147.8 | AA19: =ROUND((Z19*$G19),2) -> 7147.8
A20: 1.11 | E20: Demolición muros en Dry wall | F20: M2 | G20: 1 | I20: 26400 | J20: =ROUND((I20*$G20),2) -> 26400 | L20: 18477.74 | M20: =ROUND((L20*$G20),2) -> 18477.74 | O20: 32508.403 | P20: =ROUND((O20*$G20),2) -> 32508.4 | R20: =ROUND(MIN(I20,L20),2) -> 18477.74 | S20: =ROUND(AVERAGE(I20,L20),2) -> 22438.87 | T20: =ROUND(MAX(I20,L20),2) -> 26400 | U20: =+(T20/R20)-1 -> 0.42874616 | V20: =+ROUND(AVERAGE(R20,S20),2) -> 20458.31 | Z20: =V20 -> 20458.31 | AA20: =ROUND((Z20*$G20),2) -> 20458.31
A21: 1.12 | E21: Demolición de cielo raso | F21: M2 | G21: 1 | I21: 24000 | J21: =ROUND((I21*$G21),2) -> 24000 | L21: 16964.509 | M21: =ROUND((L21*$G21),2) -> 16964.51 | O21: 16254.202 | P21: =ROUND((O21*$G21),2) -> 16254.2 | R21: =ROUND(MIN(L21,O21),2) -> 16254.2 | S21: =ROUND(AVERAGE(L21,O21),2) -> 16609.36 | T21: =ROUND(MAX(L21,O21),2) -> 16964.51 | U21: =+(T21/R21)-1 -> 0.04370009 | V21: =+ROUND(AVERAGE(R21,S21),2) -> 16431.78 | Z21: =T21 -> 16964.51 | AA21: =ROUND((Z21*$G21),2) -> 16964.51
A22: 1.13 | E22: Desmonte de marcos y puertas | F22: UN | G22: 1 | I22: 80000 | J22: =ROUND((I22*$G22),2) -> 80000 | L22: 24938.644 | M22: =ROUND((L22*$G22),2) -> 24938.64 | O22: 43344.538 | P22: =ROUND((O22*$G22),2) -> 43344.54 | R22: =ROUND(MIN(L22,O22),2) -> 24938.64 | S22: =ROUND(AVERAGE(L22,O22),2) -> 34141.59 | T22: =ROUND(MAX(L22,O22),2) -> 43344.54 | U22: =+(T22/R22)-1 -> 0.73804746 | V22: =+ROUND(AVERAGE(R22,S22),2) -> 29540.12 | Z22: =V22 -> 29540.12 | AA22: =ROUND((Z22*$G22),2) -> 29540.12
A23: 1.14 | E23: Regata instalación sanitaria | F23: ML | G23: 1 | I23: 25000 | J23: =ROUND((I23*$G23),2) -> 25000 | L23: 17567.823 | M23: =ROUND((L23*$G23),2) -> 17567.82 | O23: 17337.815 | P23: =ROUND((O23*$G23),2) -> 17337.82 | R23: =ROUND(MIN(L23,O23),2) -> 17337.82 | S23: =ROUND(AVERAGE(L23,O23),2) -> 17452.82 | T23: =ROUND(MAX(L23,O23),2) -> 17567.82 | U23: =+(T23/R23)-1 -> 0.013265797 | V23: =+ROUND(AVERAGE(R23,S23),2) -> 17395.32 | Z23: =T23 -> 17567.82 | AA23: =ROUND((Z23*$G23),2) -> 17567.82
A24: 1.15 | E24: Sellamiento punto hidráulico | F24: UN | G24: 1 | I24: 42000 | J24: =ROUND((I24*$G24),2) -> 42000 | L24: 21427.552 | M24: =ROUND((L24*$G24),2) -> 21427.55 | O24: 13003.361 | P24: =ROUND((O24*$G24),2) -> 13003.36 | R24: =ROUND(MIN(L24,O24),2) -> 13003.36 | S24: =ROUND(AVERAGE(L24,O24),2) -> 17215.46 | T24: =ROUND(MAX(L24,O24),2) -> 21427.55 | U24: =+(T24/R24)-1 -> 0.64784717 | V24: =+ROUND(AVERAGE(R24,S24),2) -> 15109.41 | Z24: =V24 -> 15109.41 | AA24: =ROUND((Z24*$G24),2) -> 15109.41
A25: 1.16 | E25: Sellamiento punto sanitario | F25: UN | G25: 1 | I25: 42000 | J25: =ROUND((I25*$G25),2) -> 42000 | L25: 25370.112 | M25: =ROUND((L25*$G25),2) -> 25370.11 | O25: 21672.269 | P25: =ROUND((O25*$G25),2) -> 21672.27 | R25: =ROUND(MIN(L25,O25),2) -> 21672.27 | S25: =ROUND(AVERAGE(L25,O25),2) -> 23521.19 | T25: =ROUND(MAX(L25,O25),2) -> 25370.11 | U25: =+(T25/R25)-1 -> 0.17062541 | V25: =+ROUND(AVERAGE(R25,S25),2) -> 22596.73 | Z25: =T25 -> 25370.11 | AA25: =ROUND((Z25*$G25),2) -> 25370.11
A26: 1.17 | E26: Desmonte de puesto de trabajo | F26: UN | G26: 1 | I26: 150000 | J26: =ROUND((I26*$G26),2) -> 150000 | L26: 31152.287 | M26: =ROUND((L26*$G26),2) -> 31152.29 | O26: 96441.597 | P26: =ROUND((O26*$G26),2) -> 96441.6 | R26: =ROUND(MIN(L26),2) -> 31152.29 | S26: =ROUND(AVERAGE(L26),2) -> 31152.29 | T26: =ROUND(MAX(L26),2) -> 31152.29 | U26: =+(T26/R26)-1 -> 0 | V26: =+ROUND(AVERAGE(R26,S26),2) -> 31152.29 | Z26: =V26 -> 31152.29 | AA26: =ROUND((Z26*$G26),2) -> 31152.29
A27: 1.18 | E27: Montaje de puesto de trabajo | F27: UN | G27: 1 | I27: 170000 | J27: =ROUND((I27*$G27),2) -> 170000 | L27: 35045.396 | M27: =ROUND((L27*$G27),2) -> 35045.4 | O27: 127866.39 | P27: =ROUND((O27*$G27),2) -> 127866.39 | R27: =ROUND(MIN(L27),2) -> 35045.4 | S27: =ROUND(AVERAGE(L27),2) -> 35045.4 | T27: =ROUND(MAX(L27),2) -> 35045.4 | U27: =+(T27/R27)-1 -> 0 | V27: =+ROUND(AVERAGE(R27,S27),2) -> 35045.4 | Z27: =V27 -> 35045.4 | AA27: =ROUND((Z27*$G27),2) -> 35045.4
A28: 1.19 | E28: Desmonte de divisiones de oficina abierta | F28: M2 | G28: 1 | I28: 45000 | J28: =ROUND((I28*$G28),2) -> 45000 | L28: 41989.693 | M28: =ROUND((L28*$G28),2) -> 41989.69 | O28: 48762.605 | P28: =ROUND((O28*$G28),2) -> 48762.61 | R28: =ROUND(MIN(I28,L28,O28),2) -> 41989.69 | S28: =ROUND(AVERAGE(I28,L28,O28),2) -> 45250.77 | T28: =ROUND(MAX(I28,L28,O28),2) -> 48762.61 | U28: =+(T28/R28)-1 -> 0.1612996 | V28: =+ROUND(AVERAGE(R28,S28),2) -> 43620.23 | Z28: =T28 -> 48762.61 | AA28: =ROUND((Z28*$G28),2) -> 48762.61
A29: 1.2 | E29: Desmonte de unidades de archivo rodante | F29: UN | G29: 1 | I29: 200000 | J29: =ROUND((I29*$G29),2) -> 200000 | L29: 73987.61 | M29: =ROUND((L29*$G29),2) -> 73987.61 | O29: 212388.24 | P29: =ROUND((O29*$G29),2) -> 212388.24 | R29: =ROUND(MIN(L29),2) -> 73987.61 | S29: =ROUND(AVERAGE(L29),2) -> 73987.61 | T29: =ROUND(MAX(L29),2) -> 73987.61 | U29: =+(T29/R29)-1 -> 0 | V29: =+ROUND(AVERAGE(R29,S29),2) -> 73987.61 | Z29: =V29 -> 73987.61 | AA29: =ROUND((Z29*$G29),2) -> 73987.61
A30: 1.21 | E30: Montaje de unidades de archivo rodante | F30: UN | G30: 1 | I30: 280000 | J30: =ROUND((I30*$G30),2) -> 280000 | L30: 70600.148 | M30: =ROUND((L30*$G30),2) -> 70600.15 | O30: 574315.13 | P30: =ROUND((O30*$G30),2) -> 574315.13 | R30: =ROUND(MIN(L30),2) -> 70600.15 | S30: =ROUND(AVERAGE(L30),2) -> 70600.15 | T30: =ROUND(MAX(L30),2) -> 70600.15 | U30: =+(T30/R30)-1 -> 0 | V30: =+ROUND(AVERAGE(R30,S30),2) -> 70600.15 | Z30: =V30 -> 70600.15 | AA30: =ROUND((Z30*$G30),2) -> 70600.15
A31: 1.22 | E31: Desmonte de Sanitario | F31: UN | G31: 1 | I31: 100000 | J31: =ROUND((I31*$G31),2) -> 100000 | L31: 42213.463 | M31: =ROUND((L31*$G31),2) -> 42213.46 | O31: 63933.193 | P31: =ROUND((O31*$G31),2) -> 63933.19 | R31: =ROUND(MIN(L31,O31),2) -> 42213.46 | S31: =ROUND(AVERAGE(L31,O31),2) -> 53073.33 | T31: =ROUND(MAX(L31,O31),2) -> 63933.19 | U31: =+(T31/R31)-1 -> 0.51452143 | V31: =+ROUND(AVERAGE(R31,S31),2) -> 47643.4 | Z31: =V31 -> 47643.4 | AA31: =ROUND((Z31*$G31),2) -> 47643.4
A32: 1.23 | E32: Desmonte de lavamanos | F32: UN | G32: 1 | I32: 75000 | J32: =ROUND((I32*$G32),2) -> 75000 | L32: 40930.184 | M32: =ROUND((L32*$G32),2) -> 40930.18 | O32: 53097.059 | P32: =ROUND((O32*$G32),2) -> 53097.06 | R32: =ROUND(MIN(L32,O32),2) -> 40930.18 | S32: =ROUND(AVERAGE(L32,O32),2) -> 47013.62 | T32: =ROUND(MAX(L32,O32),2) -> 53097.06 | U32: =+(T32/R32)-1 -> 0.29725938 | V32: =+ROUND(AVERAGE(R32,S32),2) -> 43971.9 | Z32: =V32 -> 43971.9 | AA32: =ROUND((Z32*$G32),2) -> 43971.9
A33: 1.24 | E33: Desmonte de orinal | F33: UN | G33: 1 | I33: 85000 | J33: =ROUND((I33*$G33),2) -> 85000 | L33: 42040.382 | M33: =ROUND((L33*$G33),2) -> 42040.38 | O33: 53097.059 | P33: =ROUND((O33*$G33),2) -> 53097.06 | R33: =ROUND(MIN(L33,O33),2) -> 42040.38 | S33: =ROUND(AVERAGE(L33,O33),2) -> 47568.72 | T33: =ROUND(MAX(L33,O33),2) -> 53097.06 | U33: =+(T33/R33)-1 -> 0.26300143 | V33: =+ROUND(AVERAGE(R33,S33),2) -> 44804.55 | Z33: =V33 -> 44804.55 | AA33: =ROUND((Z33*$G33),2) -> 44804.55
A34: 1.25 | E34: Desmonte de divisiones de baño | F34: M2 | G34: 1 | I34: 40000 | J34: =ROUND((I34*$G34),2) -> 40000 | L34: 37076.637 | M34: =ROUND((L34*$G34),2) -> 37076.64 | O34: 32508.403 | P34: =ROUND((O34*$G34),2) -> 32508.4 | R34: =ROUND(MIN(I34,L34,O34),2) -> 32508.4 | S34: =ROUND(AVERAGE(I34,L34,O34),2) -> 36528.35 | T34: =ROUND(MAX(I34,L34,O34),2) -> 40000 | U34: =+(T34/R34)-1 -> 0.23045121 | V34: =+ROUND(AVERAGE(R34,S34),2) -> 34518.38 | Z34: =T34 -> 40000 | AA34: =ROUND((Z34*$G34),2) -> 40000
A35: 1.26 | E35: Demolición de mesón | F35: ML | G35: 1 | I35: 60000 | J35: =ROUND((I35*$G35),2) -> 60000 | L35: 35317.382 | M35: =ROUND((L35*$G35),2) -> 35317.38 | O35: 96441.597 | P35: =ROUND((O35*$G35),2) -> 96441.6 | R35: =ROUND(MIN(I35,L35),2) -> 35317.38 | S35: =ROUND(AVERAGE(I35,L35),2) -> 47658.69 | T35: =ROUND(MAX(I35,L35),2) -> 60000 | U35: =+(T35/R35)-1 -> 0.69888027 | V35: =+ROUND(AVERAGE(R35,S35),2) -> 41488.04 | Z35: =V35 -> 41488.04 | AA35: =ROUND((Z35*$G35),2) -> 41488.04
A36: 1.27 | E36: Demolición de enchape | F36: M2 | G36: 1 | I36: 45000 | J36: =ROUND((I36*$G36),2) -> 45000 | L36: 15270.778 | M36: =ROUND((L36*$G36),2) -> 15270.78 | O36: 37926.471 | P36: =ROUND((O36*$G36),2) -> 37926.47 | R36: =ROUND(MIN(L36,O36),2) -> 15270.78 | S36: =ROUND(AVERAGE(L36,O36),2) -> 26598.62 | T36: =ROUND(MAX(L36,O36),2) -> 37926.47 | U36: =+(T36/R36)-1 -> 1.4835974 | V36: =+ROUND(AVERAGE(R36,S36),2) -> 20934.7 | Z36: =V36 -> 20934.7 | AA36: =ROUND((Z36*$G36),2) -> 20934.7
A37: 1.28 | E37: Demolición de pisos baños | F37: M2 | G37: 1 | I37: 59800 | J37: =ROUND((I37*$G37),2) -> 59800 | L37: 11998.291 | M37: =ROUND((L37*$G37),2) -> 11998.29 | O37: 37926.471 | P37: =ROUND((O37*$G37),2) -> 37926.47 | R37: =ROUND(MIN(L37,O37),2) -> 11998.29 | S37: =ROUND(AVERAGE(L37,O37),2) -> 24962.38 | T37: =ROUND(MAX(L37,O37),2) -> 37926.47 | U37: =+(T37/R37)-1 -> 2.1609896 | V37: =+ROUND(AVERAGE(R37,S37),2) -> 18480.34 | Z37: =V37 -> 18480.34 | AA37: =ROUND((Z37*$G37),2) -> 18480.34
A38: 1.29 | E38: Desmonte y retiro de piso vinílico | F38: M2 | G38: 1 | I38: 30600 | J38: =ROUND((I38*$G38),2) -> 30600 | L38: 14835.6 | M38: =ROUND((L38*$G38),2) -> 14835.6 | O38: 21672.269 | P38: =ROUND((O38*$G38),2) -> 21672.27 | R38: =ROUND(MIN(L38,O38),2) -> 14835.6 | S38: =ROUND(AVERAGE(L38,O38),2) -> 18253.93 | T38: =ROUND(MAX(L38,O38),2) -> 21672.27 | U38: =+(T38/R38)-1 -> 0.46082868 | V38: =+ROUND(AVERAGE(R38,S38),2) -> 16544.77 | Z38: =V38 -> 16544.77 | AA38: =ROUND((Z38*$G38),2) -> 16544.77
A39: 1.3 | E39: Desmonte de puertas en vidrio y fijos en vidrio templado | F39: M2 | G39: 1 | I39: 128000 | J39: =ROUND((I39*$G39),2) -> 128000 | L39: 17879.371 | M39: =ROUND((L39*$G39),2) -> 17879.37 | O39: 58515.126 | P39: =ROUND((O39*$G39),2) -> 58515.13 | R39: =ROUND(MIN(L39),2) -> 17879.37 | S39: =ROUND(AVERAGE(L39),2) -> 17879.37 | T39: =ROUND(MAX(L39),2) -> 17879.37 | U39: =+(T39/R39)-1 -> 0 | V39: =+ROUND(AVERAGE(R39,S39),2) -> 17879.37 | Z39: =V39 -> 17879.37 | AA39: =ROUND((Z39*$G39),2) -> 17879.37
A40: 1.31 | E40: Desmonte de secador de manos | F40: UN | G40: 1 | I40: 50600 | J40: =ROUND((I40*$G40),2) -> 50600 | L40: 23604.676 | M40: =ROUND((L40*$G40),2) -> 23604.68 | O40: 21672.269 | P40: =ROUND((O40*$G40),2) -> 21672.27 | R40: =ROUND(MIN(L40,O40),2) -> 21672.27 | S40: =ROUND(AVERAGE(L40,O40),2) -> 22638.47 | T40: =ROUND(MAX(L40,O40),2) -> 23604.68 | U40: =+(T40/R40)-1 -> 0.089165094 | V40: =+ROUND(AVERAGE(R40,S40),2) -> 22155.37 | Z40: =T40 -> 23604.68 | AA40: =ROUND((Z40*$G40),2) -> 23604.68
A41: 1.32 | E41: Cerramiento provisional (poli sombra y parales de madera) | F41: M2 | G41: 1 | I41: 26400 | J41: =ROUND((I41*$G41),2) -> 26400 | L41: 26574.268 | M41: =ROUND((L41*$G41),2) -> 26574.27 | O41: 318582.35 | P41: =ROUND((O41*$G41),2) -> 318582.35 | R41: =ROUND(MIN(I41,L41),2) -> 26400 | S41: =ROUND(AVERAGE(I41,L41),2) -> 26487.13 | T41: =ROUND(MAX(I41,L41),2) -> 26574.27 | U41: =+(T41/R41)-1 -> 0.0066011364 | V41: =+ROUND(AVERAGE(R41,S41),2) -> 26443.57 | Z41: =T41 -> 26574.27 | AA41: =ROUND((Z41*$G41),2) -> 26574.27
A42: 1.33 | E42: localización y replanteo | F42: M2 | G42: 1 | I42: 10000 | J42: =ROUND((I42*$G42),2) -> 10000 | L42: 3767.0061 | M42: =ROUND((L42*$G42),2) -> 3767.01 | O42: 16254.202 | P42: =ROUND((O42*$G42),2) -> 16254.2 | R42: =ROUND(MIN(I42,L42),2) -> 3767.01 | S42: =ROUND(AVERAGE(I42,L42),2) -> 6883.5 | T42: =ROUND(MAX(I42,L42),2) -> 10000 | U42: =+(T42/R42)-1 -> 1.6546253 | V42: =+ROUND(AVERAGE(R42,S42),2) -> 5325.26 | Z42: =V42 -> 5325.26 | AA42: =ROUND((Z42*$G42),2) -> 5325.26
A43: 1.34 | E43: Desmonte de muebles de cocina | F43: ML | G43: 1 | I43: 45000 | J43: =ROUND((I43*$G43),2) -> 45000 | L43: 73228.522 | M43: =ROUND((L43*$G43),2) -> 73228.52 | O43: 85605.462 | P43: =ROUND((O43*$G43),2) -> 85605.46 | R43: =ROUND(MIN(I43,L43,O43),2) -> 45000 | S43: =ROUND(AVERAGE(I43,L43,O43),2) -> 67944.66 | T43: =ROUND(MAX(I43,L43,O43),2) -> 85605.46 | U43: =+(T43/R43)-1 -> 0.90234356 | V43: =+ROUND(AVERAGE(R43,S43),2) -> 56472.33 | Z43: =V43 -> 56472.33 | AA43: =ROUND((Z43*$G43),2) -> 56472.33
A44: 1.35 | E44: Desmonte de parlantes | F44: UN | G44: 1 | I44: 30500 | J44: =ROUND((I44*$G44),2) -> 30500 | L44: 26234.286 | M44: =ROUND((L44*$G44),2) -> 26234.29 | O44: 21672.269 | P44: =ROUND((O44*$G44),2) -> 21672.27 | R44: =ROUND(MIN(I44,L44,O44),2) -> 21672.27 | S44: =ROUND(AVERAGE(I44,L44,O44),2) -> 26135.52 | T44: =ROUND(MAX(I44,L44,O44),2) -> 30500 | U44: =+(T44/R44)-1 -> 0.40732835 | V44: =+ROUND(AVERAGE(R44,S44),2) -> 23903.9 | Z44: =V44 -> 23903.9 | AA44: =ROUND((Z44*$G44),2) -> 23903.9
A45: 1.36 | E45: Desmonte de detectores de humo | F45: UN | G45: 1 | I45: 35600 | J45: =ROUND((I45*$G45),2) -> 35600 | L45: 11307.2 | M45: =ROUND((L45*$G45),2) -> 11307.2 | O45: 27090.336 | P45: =ROUND((O45*$G45),2) -> 27090.34 | R45: =ROUND(MIN(L45,O45),2) -> 11307.2 | S45: =ROUND(AVERAGE(L45,O45),2) -> 19198.77 | T45: =ROUND(MAX(L45,O45),2) -> 27090.34 | U45: =+(T45/R45)-1 -> 1.3958487 | V45: =+ROUND(AVERAGE(R45,S45),2) -> 15252.99 | Z45: =V45 -> 15252.99 | AA45: =ROUND((Z45*$G45),2) -> 15252.99
A46: 1.37 | E46: Desmonte de salida de voz y datos | F46: UN | G46: 1 | I46: 400000 | J46: =ROUND((I46*$G46),2) -> 400000 | L46: 11877.134 | M46: =ROUND((L46*$G46),2) -> 11877.13 | O46: 27090.336 | P46: =ROUND((O46*$G46),2) -> 27090.34 | R46: =ROUND(MIN(L46,O46),2) -> 11877.13 | S46: =ROUND(AVERAGE(L46,O46),2) -> 19483.74 | T46: =ROUND(MAX(L46,O46),2) -> 27090.34 | U46: =+(T46/R46)-1 -> 1.2808827 | V46: =+ROUND(AVERAGE(R46,S46),2) -> 15680.44 | Z46: =V46 -> 15680.44 | AA46: =ROUND((Z46*$G46),2) -> 15680.44
A47: 1.38 | E47: Desmonte de salida eléctrica normal y regulada | F47: UN | G47: 1 | I47: 80000 | J47: =ROUND((I47*$G47),2) -> 80000 | L47: 12350.637 | M47: =ROUND((L47*$G47),2) -> 12350.64 | O47: 27090.336 | P47: =ROUND((O47*$G47),2) -> 27090.34 | R47: =ROUND(MIN(L47,O47),2) -> 12350.64 | S47: =ROUND(AVERAGE(L47,O47),2) -> 19720.49 | T47: =ROUND(MAX(L47,O47),2) -> 27090.34 | U47: =+(T47/R47)-1 -> 1.1934361 | V47: =+ROUND(AVERAGE(R47,S47),2) -> 16035.57 | Z47: =V47 -> 16035.57 | AA47: =ROUND((Z47*$G47),2) -> 16035.57
A48: 1.39 | E48: Desmonte y Retiro de canaleta metalica, incluye la totalidad del cableado electrico de corriente normal y regulada y la totalidad del cableado UTP de la red lógica datos instalados. | F48: ML | G48: 1 | I48: 48000 | J48: =ROUND((I48*$G48),2) -> 48000 | L48: 22253.4 | M48: =ROUND((L48*$G48),2) -> 22253.4 | O48: 27090.336 | P48: =ROUND((O48*$G48),2) -> 27090.34 | R48: =ROUND(MIN(L48,O48),2) -> 22253.4 | S48: =ROUND(AVERAGE(L48,O48),2) -> 24671.87 | T48: =ROUND(MAX(L48,O48),2) -> 27090.34 | U48: =+(T48/R48)-1 -> 0.21735735 | V48: =+ROUND(AVERAGE(R48,S48),2) -> 23462.64 | Z48: =T48 -> 27090.34 | AA48: =ROUND((Z48*$G48),2) -> 27090.34
A49: 1.4 | E49: Demolición de pañete | F49: M2 | G49: 1 | I49: 23500 | J49: =ROUND((I49*$G49),2) -> 23500 | L49: 20554.724 | M49: =ROUND((L49*$G49),2) -> 20554.72 | O49: 13003.361 | P49: =ROUND((O49*$G49),2) -> 13003.36 | R49: =ROUND(MIN(I49,L49,O49),2) -> 13003.36 | S49: =ROUND(AVERAGE(I49,L49,O49),2) -> 19019.36 | T49: =ROUND(MAX(I49,L49,O49),2) -> 23500 | U49: =+(T49/R49)-1 -> 0.80722521 | V49: =+ROUND(AVERAGE(R49,S49),2) -> 16011.36 | Z49: =V49 -> 16011.36 | AA49: =ROUND((Z49*$G49),2) -> 16011.36
A50: 1.41 | E50: Demolición de poyo | F50: M2 | G50: 1 | I50: 45000 | J50: =ROUND((I50*$G50),2) -> 45000 | L50: 29125.992 | M50: =ROUND((L50*$G50),2) -> 29125.99 | O50: 27090.336 | P50: =ROUND((O50*$G50),2) -> 27090.34 | R50: =ROUND(MIN(I50,L50,O50),2) -> 27090.34 | S50: =ROUND(AVERAGE(I50,L50,O50),2) -> 33738.78 | T50: =ROUND(MAX(I50,L50,O50),2) -> 45000 | U50: =+(T50/R50)-1 -> 0.66110872 | V50: =+ROUND(AVERAGE(R50,S50),2) -> 30414.56 | Z50: =V50 -> 30414.56 | AA50: =ROUND((Z50*$G50),2) -> 30414.56
A51: 1.42 | E51: Demolición de placa | F51: M2 | G51: 1 | I51: 85000 | J51: =ROUND((I51*$G51),2) -> 85000 | L51: 87949.146 | M51: =ROUND((L51*$G51),2) -> 87949.15 | O51: 57431.513 | P51: =ROUND((O51*$G51),2) -> 57431.51 | R51: =ROUND(MIN(I51,L51,O51),2) -> 57431.51 | S51: =ROUND(AVERAGE(I51,L51,O51),2) -> 76793.55 | T51: =ROUND(MAX(I51,L51,O51),2) -> 87949.15 | U51: =+(T51/R51)-1 -> 0.5313745 | V51: =+ROUND(AVERAGE(R51,S51),2) -> 67112.53 | Z51: =V51 -> 67112.53 | AA51: =ROUND((Z51*$G51),2) -> 67112.53
A52: 1.43 | E52: Desmonte de ventanas | F52: UN | G52: 1 | I52: 80000 | J52: =ROUND((I52*$G52),2) -> 80000 | L52: 32711.262 | M52: =ROUND((L52*$G52),2) -> 32711.26 | O52: 127866.39 | P52: =ROUND((O52*$G52),2) -> 127866.39 | R52: =ROUND(MIN(L52),2) -> 32711.26 | S52: =ROUND(AVERAGE(L52),2) -> 32711.26 | T52: =ROUND(MAX(L52),2) -> 32711.26 | U52: =+(T52/R52)-1 -> 0 | V52: =+ROUND(AVERAGE(R52,S52),2) -> 32711.26 | Z52: =V52 -> 32711.26 | AA52: =ROUND((Z52*$G52),2) -> 32711.26
A53: 1.44 | E53: Desmonte de estanteria metalica incluye trasiego a punto de acopio | F53: UN | G53: 1 | I53: 100000 | J53: =ROUND((I53*$G53),2) -> 100000 | L53: 75115.115 | M53: =ROUND((L53*$G53),2) -> 75115.12 | O53: 265485.29 | P53: =ROUND((O53*$G53),2) -> 265485.29 | R53: =ROUND(MIN(I53,L53),2) -> 75115.12 | S53: =ROUND(AVERAGE(I53,L53),2) -> 87557.56 | T53: =ROUND(MAX(I53,L53),2) -> 100000 | U53: =+(T53/R53)-1 -> 0.33128989 | V53: =+ROUND(AVERAGE(R53,S53),2) -> 81336.34 | Z53: =V53 -> 81336.34 | AA53: =ROUND((Z53*$G53),2) -> 81336.34
A54: 1.45 | E54: Desmonte de cortinas tipo black out, solar screen en diferentes longitudes | F54: UN | G54: 1 | I54: 50000 | J54: =ROUND((I54*$G54),2) -> 50000 | L54: 34616.4 | M54: =ROUND((L54*$G54),2) -> 34616.4 | O54: 106194.12 | P54: =ROUND((O54*$G54),2) -> 106194.12 | R54: =ROUND(MIN(I54,L54),2) -> 34616.4 | S54: =ROUND(AVERAGE(I54,L54),2) -> 42308.2 | T54: =ROUND(MAX(I54,L54),2) -> 50000 | U54: =+(T54/R54)-1 -> 0.44440208 | V54: =+ROUND(AVERAGE(R54,S54),2) -> 38462.3 | Z54: =V54 -> 38462.3 | AA54: =ROUND((Z54*$G54),2) -> 38462.3
A55: 1.46 | E55: Retiro y limpieza de película sand-blasting | F55: M2 | G55: 1 | I55: 25000 | J55: =ROUND((I55*$G55),2) -> 25000 | L55: 11744.85 | M55: =ROUND((L55*$G55),2) -> 11744.85 | O55: 32508.403 | P55: =ROUND((O55*$G55),2) -> 32508.4 | R55: =ROUND(MIN(I55,L55),2) -> 11744.85 | S55: =ROUND(AVERAGE(I55,L55),2) -> 18372.43 | T55: =ROUND(MAX(I55,L55),2) -> 25000 | U55: =+(T55/R55)-1 -> 1.1285925 | V55: =+ROUND(AVERAGE(R55,S55),2) -> 15058.64 | Z55: =V55 -> 15058.64 | AA55: =ROUND((Z55*$G55),2) -> 15058.64
A56: 1.47 | E56: Regata para tubería eléctrica, de agua o telecomunicaciones | F56: ML | G56: 1 | I56: 28900 | J56: =ROUND((I56*$G56),2) -> 28900 | L56: 19162.65 | M56: =ROUND((L56*$G56),2) -> 19162.65 | O56: 17337.815 | P56: =ROUND((O56*$G56),2) -> 17337.82 | R56: =ROUND(MIN(I56,L56,O56),2) -> 17337.82 | S56: =ROUND(AVERAGE(I56,L56,O56),2) -> 21800.16 | T56: =ROUND(MAX(I56,L56,O56),2) -> 28900 | U56: =+(T56/R56)-1 -> 0.66687623 | V56: =+ROUND(AVERAGE(R56,S56),2) -> 19568.99 | Z56: =V56 -> 19568.99 | AA56: =ROUND((Z56*$G56),2) -> 19568.99
A57: 1.48 | E57: Demolición y trasiego de placas prefabricadas en concreto | F57: UN | G57: 1 | I57: 152000 | J57: =ROUND((I57*$G57),2) -> 152000 | L57: 102842.85 | M57: =ROUND((L57*$G57),2) -> 102842.85 | O57: 63933.193 | P57: =ROUND((O57*$G57),2) -> 63933.19 | R57: =ROUND(MIN(L57,O57),2) -> 63933.19 | S57: =ROUND(AVERAGE(L57,O57),2) -> 83388.02 | T57: =ROUND(MAX(L57,O57),2) -> 102842.85 | U57: =+(T57/R57)-1 -> 0.60859876 | V57: =+ROUND(AVERAGE(R57,S57),2) -> 73660.61 | Z57: =V57 -> 73660.61 | AA57: =ROUND((Z57*$G57),2) -> 73660.61
A58: 1.49 | E58: Demolición y trasiego de soportes de placas prefabricadas en concreto | F58: UN | G58: 1 | I58: 1000 | J58: =ROUND((I58*$G58),2) -> 1000 | L58: 43222.284 | M58: =ROUND((L58*$G58),2) -> 43222.28 | O58: 63933.193 | P58: =ROUND((O58*$G58),2) -> 63933.19 | R58: =ROUND(MIN(L58,O58),2) -> 43222.28 | S58: =ROUND(AVERAGE(L58,O58),2) -> 53577.74 | T58: =ROUND(MAX(L58,O58),2) -> 63933.19 | U58: =+(T58/R58)-1 -> 0.47917208 | V58: =+ROUND(AVERAGE(R58,S58),2) -> 48400.01 | Z58: =V58 -> 48400.01 | AA58: =ROUND((Z58*$G58),2) -> 48400.01
A59: 1.5 | E59: Excavación manual en material común, (incluye enlonado, trasiego vertical y horizontal a punto de acopio, cargue y retiro de residuos a sitios de disposicion final autorizados) | F59: M3 | G59: 1 | I59: 70000 | J59: =ROUND((I59*$G59),2) -> 70000 | L59: 164100.28 | M59: =ROUND((L59*$G59),2) -> 164100.28 | O59: 159291.18 | P59: =ROUND((O59*$G59),2) -> 159291.18 | R59: =ROUND(MIN(L59,O59),2) -> 159291.18 | S59: =ROUND(AVERAGE(L59,O59),2) -> 161695.73 | T59: =ROUND(MAX(L59,O59),2) -> 164100.28 | U59: =+(T59/R59)-1 -> 0.030190623 | V59: =+ROUND(AVERAGE(R59,S59),2) -> 160493.46 | Z59: =T59 -> 164100.28 | AA59: =ROUND((Z59*$G59),2) -> 164100.28
A60: 1.51 | E60: Demolicion y retiro de carpeta asfaltica (incluye cargue y retiro de escombro) | F60: M2 | G60: 1 | I60: 48000 | J60: =ROUND((I60*$G60),2) -> 48000 | L60: 34616.4 | M60: =ROUND((L60*$G60),2) -> 34616.4 | O60: 58515.126 | P60: =ROUND((O60*$G60),2) -> 58515.13 | R60: =ROUND(MIN(I60,L60,O60),2) -> 34616.4 | S60: =ROUND(AVERAGE(I60,L60,O60),2) -> 47043.84 | T60: =ROUND(MAX(I60,L60,O60),2) -> 58515.13 | U60: =+(T60/R60)-1 -> 0.6903875 | V60: =+ROUND(AVERAGE(R60,S60),2) -> 40830.12 | Z60: =V60 -> 40830.12 | AA60: =ROUND((Z60*$G60),2) -> 40830.12
A61: 1.52 | E61: Desmonte y reinstalación de teja de barro terracota no incluye estructura de soporte | F61: M2 | G61: 1 | I61: 54000 | J61: =ROUND((I61*$G61),2) -> 54000 | L61: 43270.5 | M61: =ROUND((L61*$G61),2) -> 43270.5 | O61: 63933.193 | P61: =ROUND((O61*$G61),2) -> 63933.19 | R61: =ROUND(MIN(I61,L61,O61),2) -> 43270.5 | S61: =ROUND(AVERAGE(I61,L61,O61),2) -> 53734.56 | T61: =ROUND(MAX(I61,L61,O61),2) -> 63933.19 | U61: =+(T61/R61)-1 -> 0.47752372 | V61: =+ROUND(AVERAGE(R61,S61),2) -> 48502.53 | Z61: =V61 -> 48502.53 | AA61: =ROUND((Z61*$G61),2) -> 48502.53
A62: 1.53 | E62: Desmonte y retiro de rejas metálicas (en diferentes tipo de material, malla, varilla cuadrada) | F62: M2 | G62: 1 | I62: 48000 | J62: =ROUND((I62*$G62),2) -> 48000 | L62: 51924.6 | M62: =ROUND((L62*$G62),2) -> 51924.6 | O62: 53097.059 | P62: =ROUND((O62*$G62),2) -> 53097.06 | R62: =ROUND(MIN(I62,L62,O62),2) -> 48000 | S62: =ROUND(AVERAGE(I62,L62,O62),2) -> 51007.22 | T62: =ROUND(MAX(I62,L62,O62),2) -> 53097.06 | U62: =+(T62/R62)-1 -> 0.10618875 | V62: =+ROUND(AVERAGE(R62,S62),2) -> 49503.61 | Z62: =T62 -> 53097.06 | AA62: =ROUND((Z62*$G62),2) -> 53097.06
A63: 1.54 | E63: Desmonte y retiro de ductos de aire acondicionado exisatentes en diferentes materiales ( Metalicos, Fibra, Etc), incluye la rejilla, trasiego vertical y horizontal a punto de acopio, cargue y retiro a sitios de disposicion final autorizados. | F63: ML | G63: 1 | I63: 48000 | J63: =ROUND((I63*$G63),2) -> 48000 | L63: 39561.6 | M63: =ROUND((L63*$G63),2) -> 39561.6 | O63: 53097.059 | P63: =ROUND((O63*$G63),2) -> 53097.06 | R63: =ROUND(MIN(I63,L63,O63),2) -> 39561.6 | S63: =ROUND(AVERAGE(I63,L63,O63),2) -> 46886.22 | T63: =ROUND(MAX(I63,L63,O63),2) -> 53097.06 | U63: =+(T63/R63)-1 -> 0.34213631 | V63: =+ROUND(AVERAGE(R63,S63),2) -> 43223.91 | Z63: =V63 -> 43223.91 | AA63: =ROUND((Z63*$G63),2) -> 43223.91
A64: 1.55 | E64: Desmonte de canaleta metálica | F64: ML | G64: 1 | I64: 28900 | J64: =ROUND((I64*$G64),2) -> 28900 | L64: 12664.657 | M64: =ROUND((L64*$G64),2) -> 12664.66 | O64: 27090.336 | P64: =ROUND((O64*$G64),2) -> 27090.34 | R64: =ROUND(MIN(L64),2) -> 12664.66 | S64: =ROUND(AVERAGE(L64),2) -> 12664.66 | T64: =ROUND(MAX(L64),2) -> 12664.66 | U64: =+(T64/R64)-1 -> 0 | V64: =+ROUND(AVERAGE(R64,S64),2) -> 12664.66 | Z64: =V64 -> 12664.66 | AA64: =ROUND((Z64*$G64),2) -> 12664.66
A65: 1.56 | E65: Desmonte de tubería metálica PVC, IMC o EMT de Ø1/2" o Ø3/4" | F65: ML | G65: 1 | I65: 24000 | J65: =ROUND((I65*$G65),2) -> 24000 | L65: 17471.392 | M65: =ROUND((L65*$G65),2) -> 17471.39 | O65: 10836.134 | P65: =ROUND((O65*$G65),2) -> 10836.13 | R65: =ROUND(MIN(I65,L65,O65),2) -> 10836.13 | S65: =ROUND(AVERAGE(I65,L65,O65),2) -> 17435.84 | T65: =ROUND(MAX(I65,L65,O65),2) -> 24000 | U65: =+(T65/R65)-1 -> 1.2148129 | V65: =+ROUND(AVERAGE(R65,S65),2) -> 14135.99 | Z65: =V65 -> 14135.99 | AA65: =ROUND((Z65*$G65),2) -> 14135.99
A66: 1.57 | E66: Desmonte de salida de interruptor de alumbrado | F66: UN | G66: 1 | I66: 26000 | J66: =ROUND((I66*$G66),2) -> 26000 | L66: 22919.766 | M66: =ROUND((L66*$G66),2) -> 22919.77 | O66: 27090.336 | P66: =ROUND((O66*$G66),2) -> 27090.34 | R66: =ROUND(MIN(I66,L66,O66),2) -> 22919.77 | S66: =ROUND(AVERAGE(I66,L66,O66),2) -> 25336.7 | T66: =ROUND(MAX(I66,L66,O66),2) -> 27090.34 | U66: =+(T66/R66)-1 -> 0.18196387 | V66: =+ROUND(AVERAGE(R66,S66),2) -> 24128.24 | Z66: =T66 -> 27090.34 | AA66: =ROUND((Z66*$G66),2) -> 27090.34
A67: 1.58 | E67: Desmonte de tablero eléctrico existente de 24 a 36 circuitos. Incluye identificación de circuitos | F67: UN | G67: 1 | I67: 150000 | J67: =ROUND((I67*$G67),2) -> 150000 | L67: 117448.5 | M67: =ROUND((L67*$G67),2) -> 117448.5 | O67: 212388.24 | P67: =ROUND((O67*$G67),2) -> 212388.24 | R67: =ROUND(MIN(I67,L67),2) -> 117448.5 | S67: =ROUND(AVERAGE(I67,L67),2) -> 133724.25 | T67: =ROUND(MAX(I67,L67),2) -> 150000 | U67: =+(T67/R67)-1 -> 0.27715552 | V67: =+ROUND(AVERAGE(R67,S67),2) -> 125586.38 | Z67: =V67 -> 125586.38 | AA67: =ROUND((Z67*$G67),2) -> 125586.38
A68: 1.59 | E68: Demolicion de muros en concreto reforzado con espesor variable de 19 cms a 22 cms, incluye enlonado, trasiego vertical y horizontal a punto de acopio, cargue y retiro de residuos a sitios de disposicion final autorizados | F68: M2 | G68: 1 | I68: 210000 | J68: =ROUND((I68*$G68),2) -> 210000 | L68: 148356 | M68: =ROUND((L68*$G68),2) -> 148356 | O68: 96441.597 | P68: =ROUND((O68*$G68),2) -> 96441.6 | R68: =ROUND(MIN(I68,L68),2) -> 148356 | S68: =ROUND(AVERAGE(I68,L68),2) -> 179178 | T68: =ROUND(MAX(I68,L68),2) -> 210000 | U68: =+(T68/R68)-1 -> 0.41551403 | V68: =+ROUND(AVERAGE(R68,S68),2) -> 163767 | Z68: =V68 -> 163767 | AA68: =ROUND((Z68*$G68),2) -> 163767
A69: 1.6 | E69: Desmonte y retiro de muebles en madera empotrados tipo biblioteca, incluye trasiego vertical y horizontal a punto de acopio, cargue y retiro a sitios de disposicion final autorizados. | F69: M2 | G69: 1 | I69: 52000 | J69: =ROUND((I69*$G69),2) -> 52000 | L69: 59342.4 | M69: =ROUND((L69*$G69),2) -> 59342.4 | O69: 80187.395 | P69: =ROUND((O69*$G69),2) -> 80187.39 | R69: =ROUND(MIN(I69,L69,O69),2) -> 52000 | S69: =ROUND(AVERAGE(I69,L69,O69),2) -> 63843.26 | T69: =ROUND(MAX(I69,L69,O69),2) -> 80187.39 | U69: =+(T69/R69)-1 -> 0.54206519 | V69: =+ROUND(AVERAGE(R69,S69),2) -> 57921.63 | Z69: =V69 -> 57921.63 | AA69: =ROUND((Z69*$G69),2) -> 57921.63
A70: 1.61 | E70: Localización y replanteo con comisión topografica de cimientos con elementos de precisión: Repalnateo altiplanimetrica incluye marcación en terreno, memoria de calculo y cartera, equipos, topografo, cademeros - Area de Parqueadero sede paloquemao | F70: M2 | G70: 1 | I70: 15800 | J70: =ROUND((I70*$G70),2) -> 15800 | L70: 5563.35 | M70: =ROUND((L70*$G70),2) -> 5563.35 | O70: 16254.202 | P70: =ROUND((O70*$G70),2) -> 16254.2 | R70: =ROUND(MIN(I70,L70,O70),2) -> 5563.35 | S70: =ROUND(AVERAGE(I70,L70,O70),2) -> 12539.18 | T70: =ROUND(MAX(I70,L70,O70),2) -> 16254.2 | U70: =+(T70/R70)-1 -> 1.9216569 | V70: =+ROUND(AVERAGE(R70,S70),2) -> 9051.27 | Z70: =V70 -> 9051.27 | AA70: =ROUND((Z70*$G70),2) -> 9051.27
A71: 1.62 | E71: Cerramiento en lona área del proyecto Parqueadero (incluye parales de madera 5"x5" anclados al suelo de acuerdo con la necesidad y amarres con alambre negro No18 -Altura del cerramiento 2M). | F71: ML | G71: 1 | I71: 62300 | J71: =ROUND((I71*$G71),2) -> 62300 | L71: 46979.4 | M71: =ROUND((L71*$G71),2) -> 46979.4 | O71: 318582.35 | P71: =ROUND((O71*$G71),2) -> 318582.35 | R71: =ROUND(MIN(I71,L71),2) -> 46979.4 | S71: =ROUND(AVERAGE(I71,L71),2) -> 54639.7 | T71: =ROUND(MAX(I71,L71),2) -> 62300 | U71: =+(T71/R71)-1 -> 0.32611315 | V71: =+ROUND(AVERAGE(R71,S71),2) -> 50809.55 | Z71: =V71 -> 50809.55 | AA71: =ROUND((Z71*$G71),2) -> 50809.55
A72: 1.63 | E72: Excavación mecánica en material común, incluye maquinaria, equipos, mano de obra, demolcion y retiro de capas existentes de asfaltica, placas en concreto, cimentaciones en ciclopeo, cargue, transporte y disposición final en sitio autorizados, limpieza y manejo de los escombros sobre la via de ingreso al proyecto, la medida de metros cubicos excavado se realizará in situ sobre el terreno. | F72: M3 | G72: 1 | I72: 63800 | J72: =ROUND((I72*$G72),2) -> 63800 | L72: 71705.4 | M72: =ROUND((L72*$G72),2) -> 71705.4 | O72: 159291.18 | P72: =ROUND((O72*$G72),2) -> 159291.18 | R72: =ROUND(MIN(I72,L72),2) -> 63800 | S72: =ROUND(AVERAGE(I72,L72),2) -> 67752.7 | T72: =ROUND(MAX(I72,L72),2) -> 71705.4 | U72: =+(T72/R72)-1 -> 0.12390909 | V72: =+ROUND(AVERAGE(R72,S72),2) -> 65776.35 | Z72: =T72 -> 71705.4 | AA72: =ROUND((Z72*$G72),2) -> 71705.4
A73: 1.64 | E73: DESMONTE, DESCAPOTE Y LIMPIEZA a máquina, e=0.15m. Incluye cargue, transporte y botada de escombros material vegetal en botaderos oficiales o donde indique la interventoría. Su medida será en sitio. | F73: M2 | G73: 1 | I73: 15602 | J73: =ROUND((I73*$G73),2) -> 15602 | L73: 10508.55 | M73: =ROUND((L73*$G73),2) -> 10508.55 | O73: 43344.538 | P73: =ROUND((O73*$G73),2) -> 43344.54 | R73: =ROUND(MIN(I73,L73),2) -> 10508.55 | S73: =ROUND(AVERAGE(I73,L73),2) -> 13055.28 | T73: =ROUND(MAX(I73,L73),2) -> 15602 | U73: =+(T73/R73)-1 -> 0.4846958 | V73: =+ROUND(AVERAGE(R73,S73),2) -> 11781.92 | Z73: =V73 -> 11781.92 | AA73: =ROUND((Z73*$G73),2) -> 11781.92
A74: 1.65 | E74: Suministro e Instalación de CERRAMIENTO EN TEJA ONDULADA DE ZINC calibre 34 e: 0.20mm, con una altura de 2.20 m. Incluye suministro, transporte e instalación de la teja, estructura en madera cada 1.00m, larguero horizontal en la parte superior, concreto de 17.5 Mpa para fijación de estructura en madera común, vientos en madera cada 1.8m, excavación manual en cualquier material, cargue, transporte y botada de material, incluye todos los demás elementos necesarios para su correcta instalación. | F74: ML | G74: 1 | I74: 144000 | J74: =ROUND((I74*$G74),2) -> 144000 | L74: 179263.5 | M74: =ROUND((L74*$G74),2) -> 179263.5 | O74: 393351.68 | P74: =ROUND((O74*$G74),2) -> 393351.68 | R74: =ROUND(MIN(I74,L74),2) -> 144000 | S74: =ROUND(AVERAGE(I74,L74),2) -> 161631.75 | T74: =ROUND(MAX(I74,L74),2) -> 179263.5 | U74: =+(T74/R74)-1 -> 0.24488542 | V74: =+ROUND(AVERAGE(R74,S74),2) -> 152815.88 | Z74: =T74 -> 179263.5 | AA74: =ROUND((Z74*$G74),2) -> 179263.5
A75: 1.66 | E75: Suministro e instalación de PROTECCIÓN A CONSTRUCCIONES VECINAS CON POLISOMBRA, incluye parales en largueros, canecas rellenas de suelocemento y todo lo necesario para su correcta construcción y funcionamiento | F75: M2 | G75: 1 | I75: 30000 | J75: =ROUND((I75*$G75),2) -> 30000 | L75: 27198.6 | M75: =ROUND((L75*$G75),2) -> 27198.6 | O75: 96441.597 | P75: =ROUND((O75*$G75),2) -> 96441.6 | R75: =ROUND(MIN(I75,L75),2) -> 27198.6 | S75: =ROUND(AVERAGE(I75,L75),2) -> 28599.3 | T75: =ROUND(MAX(I75,L75),2) -> 30000 | U75: =+(T75/R75)-1 -> 0.10299795 | V75: =+ROUND(AVERAGE(R75,S75),2) -> 27898.95 | Z75: =T75 -> 30000 | AA75: =ROUND((Z75*$G75),2) -> 30000
A76: 1.67 | E76: EXPLANACIÓN Y NIVELACIÓN MECÁNICA del terreno, bajo cualquier grado de humedad con bolas de roca de hasta 0.35 m³, incluye corte de taludes y terraceos requeridos según planos y/o definidos por la interventoría, Medido in situ. Incluye cargue, transporte y botada de material proveniente de la excavación en botaderos oficiales autorizados para el proyecto. | F76: M3 | G76: 1 | I76: 10460 | J76: =ROUND((I76*$G76),2) -> 10460 | L76: 22253.4 | M76: =ROUND((L76*$G76),2) -> 22253.4 | O76: 318582.35 | P76: =ROUND((O76*$G76),2) -> 318582.35 | R76: =ROUND(MIN(I76,L76),2) -> 10460 | S76: =ROUND(AVERAGE(I76,L76),2) -> 16356.7 | T76: =ROUND(MAX(I76,L76),2) -> 22253.4 | U76: =+(T76/R76)-1 -> 1.1274761 | V76: =+ROUND(AVERAGE(R76,S76),2) -> 13408.35 | Z76: =V76 -> 13408.35 | AA76: =ROUND((Z76*$G76),2) -> 13408.35
A77: 1.68 | E77: Construcción de ENTIBADO TEMPORAL en tablón de madera (6 usos), bajo cualquier altura y grado de humedad. Incluye suministro, transporte y colocación de elementos en madera, el cargue, transporte interno y externo y botada de material sobrantes en los sitios donde lo indique la interventoría y su medida será en el sitio, su forma de pago se hará por el área que se encuentre en contacto con la tierra. | F77: M2 | G77: 1 | I77: 85000 | J77: =ROUND((I77*$G77),2) -> 85000 | L77: 92722.5 | M77: =ROUND((L77*$G77),2) -> 92722.5 | O77: 106194.12 | P77: =ROUND((O77*$G77),2) -> 106194.12 | R77: =ROUND(MIN(I77,L77,O77),2) -> 85000 | S77: =ROUND(AVERAGE(I77,L77,O77),2) -> 94638.87 | T77: =ROUND(MAX(I77,L77,O77),2) -> 106194.12 | U77: =+(T77/R77)-1 -> 0.24934259 | V77: =+ROUND(AVERAGE(R77,S77),2) -> 89819.44 | Z77: =T77 -> 106194.12 | AA77: =ROUND((Z77*$G77),2) -> 106194.12
A78: SUBTOTAL | J78: =ROUND(SUM(J10:J77),2) -> 4700162 | M78: =ROUND(SUM(M10:M77),2) -> 2855736.8 | P78: =ROUND(SUM(P10:P77),2) -> 5720395.4 | AA78: =ROUND(SUM(AA10:AA77),2) -> 2828273.2
E79: MUROS, PAÑETES Y MAMPOSTERIA
A80: 2.1 | E80: Muro en Dry wall doble cara de 0.12 (insonorizado con frescasa) | F80: M2 | G80: 1 | I80: 156000 | J80: =ROUND((I80*$G80),2) -> 156000 | L80: 120336.5 | M80: =ROUND((L80*$G80),2) -> 120336.5 | O80: 164709.24 | P80: =ROUND((O80*$G80),2) -> 164709.24 | R80: =ROUND(MIN(I80,L80,O80),2) -> 120336.5 | S80: =ROUND(AVERAGE(I80,L80,O80),2) -> 147015.25 | T80: =ROUND(MAX(I80,L80,O80),2) -> 164709.24 | U80: =+(T80/R80)-1 -> 0.36873883 | V80: =+ROUND(AVERAGE(R80,S80),2) -> 133675.88 | Z80: =V80 -> 133675.88 | AA80: =ROUND((Z80*$G80),2) -> 133675.88
A81: 2.2 | E81: Dintel en Dry wall reforzado con madera (insonorizado con frescasa) | F81: ML | G81: 1 | I81: 110500 | J81: =ROUND((I81*$G81),2) -> 110500 | L81: 58736.613 | M81: =ROUND((L81*$G81),2) -> 58736.61 | O81: 101859.66 | P81: =ROUND((O81*$G81),2) -> 101859.66 | R81: =ROUND(MIN(L81),2) -> 58736.61 | S81: =ROUND(AVERAGE(L81),2) -> 58736.61 | T81: =ROUND(MAX(L81),2) -> 58736.61 | U81: =+(T81/R81)-1 -> 0 | V81: =+ROUND(AVERAGE(R81,S81),2) -> 58736.61 | Z81: =V81 -> 58736.61 | AA81: =ROUND((Z81*$G81),2) -> 58736.61
A82: 2.3 | E82: Muros en mampostería bloque No.5 | F82: M2 | G82: 1 | I82: 123400 | J82: =ROUND((I82*$G82),2) -> 123400 | L82: 74055.606 | M82: =ROUND((L82*$G82),2) -> 74055.61 | O82: 159291.18 | P82: =ROUND((O82*$G82),2) -> 159291.18 | R82: =ROUND(MIN(I82,L82),2) -> 74055.61 | S82: =ROUND(AVERAGE(I82,L82),2) -> 98727.8 | T82: =ROUND(MAX(I82,L82),2) -> 123400 | U82: =+(T82/R82)-1 -> 0.66631535 | V82: =+ROUND(AVERAGE(R82,S82),2) -> 86391.71 | Z82: =V82 -> 86391.71 | AA82: =ROUND((Z82*$G82),2) -> 86391.71
A83: 2.4 | E83: Suministro y aplicación de pañete impermeabilizado 1:3 | F83: M2 | G83: 1 | I83: 54600 | J83: =ROUND((I83*$G83),2) -> 54600 | L83: 38531.762 | M83: =ROUND((L83*$G83),2) -> 38531.76 | O83: 48762.605 | P83: =ROUND((O83*$G83),2) -> 48762.61 | R83: =ROUND(MIN(L83,O83),2) -> 38531.76 | S83: =ROUND(AVERAGE(L83,O83),2) -> 43647.18 | T83: =ROUND(MAX(L83,O83),2) -> 48762.61 | U83: =+(T83/R83)-1 -> 0.26551733 | V83: =+ROUND(AVERAGE(R83,S83),2) -> 41089.47 | Z83: =V83 -> 41089.47 | AA83: =ROUND((Z83*$G83),2) -> 41089.47
A84: 2.5 | E84: Pañetes caras lineales | F84: ML | G84: 1 | I84: 23550 | J84: =ROUND((I84*$G84),2) -> 23550 | L84: 23241.204 | M84: =ROUND((L84*$G84),2) -> 23241.2 | O84: 13003.361 | P84: =ROUND((O84*$G84),2) -> 13003.36 | R84: =ROUND(MIN(I84,L84,O84),2) -> 13003.36 | S84: =ROUND(AVERAGE(I84,L84,O84),2) -> 19931.52 | T84: =ROUND(MAX(I84,L84,O84),2) -> 23550 | U84: =+(T84/R84)-1 -> 0.81107037 | V84: =+ROUND(AVERAGE(R84,S84),2) -> 16467.44 | Z84: =V84 -> 16467.44 | AA84: =ROUND((Z84*$G84),2) -> 16467.44
A85: 2.6 | E85: Suministro y aplicación de pañete, mortero 1:4 | F85: M2 | G85: 1 | I85: 46500 | J85: =ROUND((I85*$G85),2) -> 46500 | L85: 33509.912 | M85: =ROUND((L85*$G85),2) -> 33509.91 | O85: 19505.042 | P85: =ROUND((O85*$G85),2) -> 19505.04 | R85: =ROUND(MIN(L85,O85),2) -> 19505.04 | S85: =ROUND(AVERAGE(L85,O85),2) -> 26507.48 | T85: =ROUND(MAX(L85,O85),2) -> 33509.91 | U85: =+(T85/R85)-1 -> 0.71801288 | V85: =+ROUND(AVERAGE(R85,S85),2) -> 23006.26 | Z85: =V85 -> 23006.26 | AA85: =ROUND((Z85*$G85),2) -> 23006.26
A86: 2.7 | B86: ` | E86: Suministro e instalación de muro en Superboard doble cara de 0.12 | F86: M2 | G86: 1 | I86: 215000 | J86: =ROUND((I86*$G86),2) -> 215000 | L86: 150552.91 | M86: =ROUND((L86*$G86),2) -> 150552.91 | O86: 212388.24 | P86: =ROUND((O86*$G86),2) -> 212388.24 | R86: =ROUND(MIN(L86),2) -> 150552.91 | S86: =ROUND(AVERAGE(L86),2) -> 150552.91 | T86: =ROUND(MAX(L86),2) -> 150552.91 | U86: =+(T86/R86)-1 -> 0 | V86: =+ROUND(AVERAGE(R86,S86),2) -> 150552.91 | Z86: =V86 -> 150552.91 | AA86: =ROUND((Z86*$G86),2) -> 150552.91
A87: 2.8 | E87: Suministro e instalación de fachaleta en concreto abujardado. incluye cortes y trasiegos internos | F87: M2 | G87: 1 | I87: 244000 | J87: =ROUND((I87*$G87),2) -> 244000 | L87: 153308.62 | M87: =ROUND((L87*$G87),2) -> 153308.62 | O87: 127866.39 | P87: =ROUND((O87*$G87),2) -> 127866.39 | R87: =ROUND(MIN(L87,O87),2) -> 127866.39 | S87: =ROUND(AVERAGE(L87,O87),2) -> 140587.5 | T87: =ROUND(MAX(L87,O87),2) -> 153308.62 | U87: =+(T87/R87)-1 -> 0.19897512 | V87: =+ROUND(AVERAGE(R87,S87),2) -> 134226.95 | Z87: =T87 -> 153308.62 | AA87: =ROUND((Z87*$G87),2) -> 153308.62
A88: SUBTOTAL | J88: =ROUND(SUM(J80:J87),2) -> 973550 | M88: =ROUND(SUM(M80:M87),2) -> 652273.12 | P88: =ROUND(SUM(P80:P87),2) -> 847385.72 | AA88: =ROUND(SUM(AA80:AA87),2) -> 663228.9
A89: 3 | E89: ESTRUCTURAS EN CONCRETO Y ESTRUCTURAS METALICAS
A90: 3.1 | E90: Placas en concreto de 10 cms de espesor, incluye refuerzo | F90: M2 | G90: 1 | I90: 150000 | J90: =ROUND((I90*$G90),2) -> 150000 | L90: 140336.12 | M90: =ROUND((L90*$G90),2) -> 140336.12 | O90: 127866.39 | P90: =ROUND((O90*$G90),2) -> 127866.39 | R90: =ROUND(MIN(I90,L90,O90),2) -> 127866.39 | S90: =ROUND(AVERAGE(I90,L90,O90),2) -> 139400.84 | T90: =ROUND(MAX(I90,L90,O90),2) -> 150000 | U90: =+(T90/R90)-1 -> 0.17309951 | V90: =+ROUND(AVERAGE(R90,S90),2) -> 133633.62 | Z90: =T90 -> 150000 | AA90: =ROUND((Z90*$G90),2) -> 150000
A91: 3.2 | E91: Suministro e instalación de placas de concreto con acabado en granito 60x120 cm incluye pedestales de soporte en concreto | F91: UN | G91: 1 | I91: 365900 | J91: =ROUND((I91*$G91),2) -> 365900 | L91: 295546.17 | M91: =ROUND((L91*$G91),2) -> 295546.17 | O91: 170127.31 | P91: =ROUND((O91*$G91),2) -> 170127.31 | R91: =ROUND(MIN(I91,L91),2) -> 295546.17 | S91: =ROUND(AVERAGE(I91,L91),2) -> 330723.08 | T91: =ROUND(MAX(I91,L91),2) -> 365900 | U91: =+(T91/R91)-1 -> 0.23804683 | V91: =+ROUND(AVERAGE(R91,S91),2) -> 313134.63 | Z91: =T91 -> 365900 | AA91: =ROUND((Z91*$G91),2) -> 365900
A92: 3.3 | E92: Dovela en muros con concreto fluido 3000 psi no incluye acero de refuerzo | F92: ML | G92: 1 | I92: 62450 | J92: =ROUND((I92*$G92),2) -> 62450 | L92: 74391.88 | M92: =ROUND((L92*$G92),2) -> 74391.88 | O92: 41177.311 | P92: =ROUND((O92*$G92),2) -> 41177.31 | R92: =ROUND(MIN(I92,L92),2) -> 62450 | S92: =ROUND(AVERAGE(I92,L92),2) -> 68420.94 | T92: =ROUND(MAX(I92,L92),2) -> 74391.88 | U92: =+(T92/R92)-1 -> 0.19122306 | V92: =+ROUND(AVERAGE(R92,S92),2) -> 65435.47 | Z92: =T92 -> 74391.88 | AA92: =ROUND((Z92*$G92),2) -> 74391.88
A93: 3.4 | E93: Dilatacion sobre concreto fundido en concreto con pulidora, espesor de 3 mm, profundidad de 2 a 3 cm (incluye cordon de polietileno, sellante para juntas, limpieza y retiro de residuos de construcción y polvo) | F93: ML | G93: 1 | I93: 31600 | J93: =ROUND((I93*$G93),2) -> 31600 | L93: 15825.876 | M93: =ROUND((L93*$G93),2) -> 15825.88 | O93: 34675.63 | P93: =ROUND((O93*$G93),2) -> 34675.63 | R93: =ROUND(MIN(I93,O93),2) -> 31600 | S93: =ROUND(AVERAGE(I93,O93),2) -> 33137.82 | T93: =ROUND(MAX(I93,O93),2) -> 34675.63 | U93: =+(T93/R93)-1 -> 0.097330063 | V93: =+ROUND(AVERAGE(R93,S93),2) -> 32368.91 | Z93: =T93 -> 34675.63 | AA93: =ROUND((Z93*$G93),2) -> 34675.63
A94: 3.5 | E94: Construcción de carcamo tipo alcancia en concreto de 3000 psi impermeabilizado, fundido en sitio, profundidad variable entre 0,40 mts y 0,60 mts y ancho de 0,40 mts a 0,50 mts (longitud Libres), incluye muros de 0,12 mts de espesor, placa de fondo de 0,12 mts de espesor, tapa con ranuras en la parte superior de concreto, formaletas, medias cañas, morteros de nivelación y acero de refuerzo | F94: ML | G94: 1 | I94: 680000 | J94: =ROUND((I94*$G94),2) -> 680000 | L94: 593424 | M94: =ROUND((L94*$G94),2) -> 593424 | O94: 159291.18 | P94: =ROUND((O94*$G94),2) -> 159291.18 | R94: =ROUND(MIN(I94,L94),2) -> 593424 | S94: =ROUND(AVERAGE(I94,L94),2) -> 636712 | T94: =ROUND(MAX(I94,L94),2) -> 680000 | U94: =+(T94/R94)-1 -> 0.14589231 | V94: =+ROUND(AVERAGE(R94,S94),2) -> 615068 | Z94: =T94 -> 680000 | AA94: =ROUND((Z94*$G94),2) -> 680000
A95: 3.6 | E95: Suministro e instalacion de rejilla metalica para carcamo entre 0,64 a 0,74 mts de ancho en angulo de 2''x1/4 con platina de 2''x3/8, inclye marco y contramarco. | F95: ML | G95: 1 | I95: 502600 | J95: =ROUND((I95*$G95),2) -> 502600 | L95: 519246 | M95: =ROUND((L95*$G95),2) -> 519246 | O95: 170127.31 | P95: =ROUND((O95*$G95),2) -> 170127.31 | R95: =ROUND(MIN(I95,L95),2) -> 502600 | S95: =ROUND(AVERAGE(I95,L95),2) -> 510923 | T95: =ROUND(MAX(I95,L95),2) -> 519246 | U95: =+(T95/R95)-1 -> 0.033119777 | V95: =+ROUND(AVERAGE(R95,S95),2) -> 506761.5 | Z95: =T95 -> 519246 | AA95: =ROUND((Z95*$G95),2) -> 519246
A96: 3.7 | E96: Suministro e instalacion de topellantas prefabricados en concreto de 0,25 mts por 0,60 mts de largo sin pintar, incluye suministro, transporte, mortero de pega, aditivos de pega y todos los demas elementos necesarios para su correcta instalacon y funcionamineto., | F96: UN | G96: 1 | I96: 123500 | J96: =ROUND((I96*$G96),2) -> 123500 | L96: 117448.5 | M96: =ROUND((L96*$G96),2) -> 117448.5 | O96: 127866.39 | P96: =ROUND((O96*$G96),2) -> 127866.39 | R96: =ROUND(MIN(I96,L96,O96),2) -> 117448.5 | S96: =ROUND(AVERAGE(I96,L96,O96),2) -> 122938.3 | T96: =ROUND(MAX(I96,L96,O96),2) -> 127866.39 | U96: =+(T96/R96)-1 -> 0.088701771 | V96: =+ROUND(AVERAGE(R96,S96),2) -> 120193.4 | Z96: =T96 -> 127866.39 | AA96: =ROUND((Z96*$G96),2) -> 127866.39
A97: 3.8 | E97: Suministro e instalacion de acero figurado de refuerzo para elementos de concreto estructural | F97: Kg | G97: 1 | I97: 8500 | J97: =ROUND((I97*$G97),2) -> 8500 | L97: 8406.84 | M97: =ROUND((L97*$G97),2) -> 8406.84 | O97: 26006.723 | P97: =ROUND((O97*$G97),2) -> 26006.72 | R97: =ROUND(MIN(I97,L97),2) -> 8406.84 | S97: =ROUND(AVERAGE(I97,L97),2) -> 8453.42 | T97: =ROUND(MAX(I97,L97),2) -> 8500 | U97: =+(T97/R97)-1 -> 0.011081453 | V97: =+ROUND(AVERAGE(R97,S97),2) -> 8430.13 | Z97: =T97 -> 8500 | AA97: =ROUND((Z97*$G97),2) -> 8500
A98: 3.9 | E98: Suministro e instalacion de concreto hidraulico MR-40, incluye ensayos de laboratorio | F98: M3 | G98: 1 | I98: 680000 | J98: =ROUND((I98*$G98),2) -> 680000 | L98: 642876 | M98: =ROUND((L98*$G98),2) -> 642876 | O98: 1433620.6 | P98: =ROUND((O98*$G98),2) -> 1433620.6 | R98: =ROUND(MIN(I98,L98),2) -> 642876 | S98: =ROUND(AVERAGE(I98,L98),2) -> 661438 | T98: =ROUND(MAX(I98,L98),2) -> 680000 | U98: =+(T98/R98)-1 -> 0.057746751 | V98: =+ROUND(AVERAGE(R98,S98),2) -> 652157 | Z98: =T98 -> 680000 | AA98: =ROUND((Z98*$G98),2) -> 680000
A99: 3.1 | E99: Suministro e instalacion de barrera de vapor | F99: M2 | G99: 1 | I99: 15600 | J99: =ROUND((I99*$G99),2) -> 15600 | L99: 10508.55 | M99: =ROUND((L99*$G99),2) -> 10508.55 | O99: 244896.64 | P99: =ROUND((O99*$G99),2) -> 244896.64 | R99: =ROUND(MIN(I99,L99),2) -> 10508.55 | S99: =ROUND(AVERAGE(I99,L99),2) -> 13054.28 | T99: =ROUND(MAX(I99,L99),2) -> 15600 | U99: =+(T99/R99)-1 -> 0.48450547 | V99: =+ROUND(AVERAGE(R99,S99),2) -> 11781.42 | Z99: =V99 -> 11781.42 | AA99: =ROUND((Z99*$G99),2) -> 11781.42
A100: 3.11 | E100: Suministro e Instalacion de concreto de 3,500 PSI (24,5 Mpa) | F100: M3 | G100: 1 | I100: 62400 | J100: =ROUND((I100*$G100),2) -> 62400 | L100: 593424 | M100: =ROUND((L100*$G100),2) -> 593424 | O100: 1189807.6 | P100: =ROUND((O100*$G100),2) -> 1189807.6 | R100: =ROUND(MIN(L100),2) -> 593424 | S100: =ROUND(AVERAGE(L100),2) -> 593424 | T100: =ROUND(MAX(L100),2) -> 593424 | U100: =+(T100/R100)-1 -> 0 | V100: =+ROUND(AVERAGE(R100,S100),2) -> 593424 | Z100: =V100 -> 593424 | AA100: =ROUND((Z100*$G100),2) -> 593424
A101: 3.12 | E101: Colocación de GROUTING en concreto de 17.5 Mpa., para relleno de muro no estructural (bloque, tolete o catalán). Incluye mano de obra, vibrado, protección, curado y todos demás elementos necesarios para su correcta construcción. No incluye refuerzo. | F101: M3 | G101: 1 | I101: 273000 | J101: =ROUND((I101*$G101),2) -> 273000 | L101: 482157 | M101: =ROUND((L101*$G101),2) -> 482157 | O101: 1019680.3 | P101: =ROUND((O101*$G101),2) -> 1019680.2 | R101: =ROUND(MIN(I101,L101),2) -> 273000 | S101: =ROUND(AVERAGE(I101,L101),2) -> 377578.5 | T101: =ROUND(MAX(I101,L101),2) -> 482157 | U101: =+(T101/R101)-1 -> 0.76614286 | V101: =+ROUND(AVERAGE(R101,S101),2) -> 325289.25 | Z101: =V101 -> 325289.25 | AA101: =ROUND((Z101*$G101),2) -> 325289.25
A102: 3.13 | E102: Construcción y montaje de ESTRUCTURA METÁLICA, en PERFILERIA TIPO IPE, HEA, PHR-C, PTE para elementos de cubierta, rampas o áreas de circulación metálicas, según diseño. Incluye: suministro y transporte de láminas, platinas, uniones, soldaduras de acabado o presentación, anclajes y pernos a estructura de concreto y madera. Todos los elementos deben llevar dos manos de pintura anticorrosiva, (2) dos manos de esmalte base aceite mate, color por definir, ensayos a soldaduras, anticorrosivos y pinturas, obra falsa y todo el equipo y la herramienta necesaria para el montaje. | F102: Kg | G102: 1 | I102: 16900 | J102: =ROUND((I102*$G102),2) -> 16900 | L102: 15453.75 | M102: =ROUND((L102*$G102),2) -> 15453.75 | O102: 26006.723 | P102: =ROUND((O102*$G102),2) -> 26006.72 | R102: =ROUND(MIN(I102,L102,O102),2) -> 15453.75 | S102: =ROUND(AVERAGE(I102,L102,O102),2) -> 19453.49 | T102: =ROUND(MAX(I102,L102,O102),2) -> 26006.72 | U102: =+(T102/R102)-1 -> 0.68287438 | V102: =+ROUND(AVERAGE(R102,S102),2) -> 17453.62 | Z102: =V102 -> 17453.62 | AA102: =ROUND((Z102*$G102),2) -> 17453.62
...

Sheet ANEXO 2
A2: ANEXO 2- COSTOS HISTORICOS
B3: REALIZAR LAS OBRAS DE MANTENIMIENTO, ADECUACIÓN, REMODELACIÓN Y MEJORAMIENTO DE LA INFRAESTRUCTURA FÍSICA, INCLUYENDO REDES ELÉCTRICAS, HIDRÁULICAS Y DEMÁS INSTALACIONES TÉCNICAS ASOCIADAS, EN SEDES DEL NIVEL CENTRAL DE LA FISCALÍA GENERAL DE LA NACIÓN – FASE V, BAJO LA MODALIDAD DE PRECIOS UNITARIOS SIN FÓRMULA DE REAJUSTE.”
Q5: ANALISIS DE COSTOS HISTORICOS
A6: Nº | B6: ÍTEM DE PAGO | C6: ESPECIFICACIONES | E6: DESCRIPCIÓN | F6: UND. | G6: CANTIDAD | L6: FGN-NC-LP-0001-2025 | N6: 45870 | O6: 46054
L7: VALOR UNITARIO CON IVA Y CON AIU | N7: 1.5099 | O7: 1.5573 | Q7: VALOR UNITARIO | R7: VALOR TOTAL
C8: GENERAL | D8: PARTICULAR
E9: PRELIMINARES
A10: 1.1 | E10: Demolición muros en mampostería | F10: M2 | G10: 1 | L10: 39093.457 | N10: =ROUND($O$7/$N$7*L10,2) -> 40320.71 | Q10: =N10 -> 40320.71 | R10: =ROUND((Q10*$G10),2) -> 40320.71
A11: 1.2 | E11: Desmonte de manto asfaltico existente | F11: M2 | G11: 1 | L11: 22236.017 | N11: =ROUND($O$7/$N$7*L11,2) -> 22934.07 | Q11: =N11 -> 22934.07 | R11: =ROUND((Q11*$G11),2) -> 22934.07
A12: 1.3 | E12: Demolición de mortero de nivelación existente | F12: M2 | G12: 1 | L12: 21966.446 | N12: =ROUND($O$7/$N$7*L12,2) -> 22656.03 | Q12: =N12 -> 22656.03 | R12: =ROUND((Q12*$G12),2) -> 22656.03
A13: 1.4 | E13: Demolición de medias cañas | F13: ML | G13: 1 | L13: 16478.044 | N13: =ROUND($O$7/$N$7*L13,2) -> 16995.34 | Q13: =N13 -> 16995.34 | R13: =ROUND((Q13*$G13),2) -> 16995.34
A14: 1.5 | E14: Desmonte de domos acrílicos | F14: UN | G14: 1 | L14: 18641.741 | N14: =ROUND($O$7/$N$7*L14,2) -> 19226.96 | Q14: =N14 -> 19226.96 | R14: =ROUND((Q14*$G14),2) -> 19226.96
A15: 1.6 | E15: Desmonte de flanches galvanizados desde 0.20 cm hasta 0.80 cm (incluye disposición final) | F15: ML | G15: 1 | N15: =ROUND($O$7/$N$7*L15,2) -> 0 | Q15: =N15 -> 0 | R15: =ROUND((Q15*$G15),2) -> 0
A16: 1.7 | E16: Desmonte de equipos de extracción | F16: UN | G16: 1 | L16: 260823.2 | N16: =ROUND($O$7/$N$7*L16,2) -> 269011.17 | Q16: =N16 -> 269011.17 | R16: =ROUND((Q16*$G16),2) -> 269011.17
A17: 1.8 | E17: Desmonte y retiro de tapete / alfombra existente incluye disposición final el sitio autorizado | F17: M2 | G17: 1 | N17: =ROUND($O$7/$N$7*L17,2) -> 0 | Q17: =N17 -> 0 | R17: =ROUND((Q17*$G17),2) -> 0
A18: 1.9 | E18: Demolición de piso existente | F18: M2 | G18: 1 | L18: 19571.689 | N18: =ROUND($O$7/$N$7*L18,2) -> 20186.1 | Q18: =N18 -> 20186.1 | R18: =ROUND((Q18*$G18),2) -> 20186.1
A19: 1.1 | E19: Desmonte de guarda escoba | F19: ML | G19: 1 | L19: 6359.8717 | N19: =ROUND($O$7/$N$7*L19,2) -> 6559.53 | Q19: =N19 -> 6559.53 | R19: =ROUND((Q19*$G19),2) -> 6559.53
A20: 1.11 | E20: Demolición muros en Dry wall | F20: M2 | G20: 1 | L20: 21317.48 | N20: =ROUND($O$7/$N$7*L20,2) -> 21986.7 | Q20: =N20 -> 21986.7 | R20: =ROUND((Q20*$G20),2) -> 21986.7
A21: 1.12 | E21: Demolición de cielo raso | F21: M2 | G21: 1 | L21: 19571.689 | N21: =ROUND($O$7/$N$7*L21,2) -> 20186.1 | Q21: =N21 -> 20186.1 | R21: =ROUND((Q21*$G21),2) -> 20186.1
A22: 1.13 | E22: Desmonte de marcos y puertas | F22: UN | G22: 1 | L22: 28771.324 | N22: =ROUND($O$7/$N$7*L22,2) -> 29674.54 | Q22: =N22 -> 29674.54 | R22: =ROUND((Q22*$G22),2) -> 29674.54
A23: 1.14 | E23: Regata instalación sanitaria | F23: ML | G23: 1 | L23: 20267.723 | N23: =ROUND($O$7/$N$7*L23,2) -> 20903.98 | Q23: =N23 -> 20903.98 | R23: =ROUND((Q23*$G23),2) -> 20903.98
A24: 1.15 | E24: Sellamiento punto hidráulico | F24: UN | G24: 1 | L24: 24720.632 | N24: =ROUND($O$7/$N$7*L24,2) -> 25496.68 | Q24: =N24 -> 25496.68 | R24: =ROUND((Q24*$G24),2) -> 25496.68
A25: 1.16 | E25: Sellamiento punto sanitario | F25: UN | G25: 1 | L25: 29269.102 | N25: =ROUND($O$7/$N$7*L25,2) -> 30187.94 | Q25: =N25 -> 30187.94 | R25: =ROUND((Q25*$G25),2) -> 30187.94
A26: 1.17 | E26: Desmonte de puesto de trabajo | F26: UN | G26: 1 | L26: 35939.907 | N26: =ROUND($O$7/$N$7*L26,2) -> 37068.16 | Q26: =N26 -> 37068.16 | R26: =ROUND((Q26*$G26),2) -> 37068.16
A27: 1.18 | E27: Montaje de puesto de trabajo | F27: UN | G27: 1 | L27: 40431.326 | N27: =ROUND($O$7/$N$7*L27,2) -> 41700.58 | Q27: =N27 -> 41700.58 | R27: =ROUND((Q27*$G27),2) -> 41700.58
A28: 1.19 | E28: Desmonte de divisiones de oficina abierta | F28: M2 | G28: 1 | L28: 48442.853 | N28: =ROUND($O$7/$N$7*L28,2) -> 49963.61 | Q28: =N28 -> 49963.61 | R28: =ROUND((Q28*$G28),2) -> 49963.61
A29: 1.2 | E29: Desmonte de unidades de archivo rodante | F29: UN | G29: 1 | L29: 85358.35 | N29: =ROUND($O$7/$N$7*L29,2) -> 88037.99 | Q29: =N29 -> 88037.99 | R29: =ROUND((Q29*$G29),2) -> 88037.99
... A47: 1.38 | E47: Desmonte de salida eléctrica normal y regulada | F47: UN | G47: 1 | L47: 14248.737 | N47: =ROUND($O$7/$N$7*L47,2) -> 14696.04 | Q47: =N47 -> 14696.04 | R47: =ROUND((Q47*$G47),2) -> 14696.04
A48: 1.39 | E48: Desmonte y Retiro de canaleta metalica, incluye la totalidad del cableado electrico de corriente normal y regulada y la totalidad del cableado UTP de la red lógica datos instalados. | F48: ML | G48: 1 | N48: =ROUND($O$7/$N$7*L48,2) -> 0 | Q48: =N48 -> 0 | R48: =ROUND((Q48*$G48),2) -> 0
A49: 1.4 | E49: Demolición de pañete | F49: M2 | G49: 1 | L49: 23713.664 | N49: =ROUND($O$7/$N$7*L49,2) -> 24458.1 | Q49: =N49 -> 24458.1 | R49: =ROUND((Q49*$G49),2) -> 24458.1
A50: 1.41 | E50: Demolición de poyo | F50: M2 | G50: 1 | L50: 33602.202 | N50: =ROUND($O$7/$N$7*L50,2) -> 34657.07 | Q50: =N50 -> 34657.07 | R50: =ROUND((Q50*$G50),2) -> 34657.07
A51: 1.42 | E51: Demolición de placa | F51: M2 | G51: 1 | L51: 101465.56 | N51: =ROUND($O$7/$N$7*L51,2) -> 104650.84 | Q51: =N51 -> 104650.84 | R51: =ROUND((Q51*$G51),2) -> 104650.84
A52: 1.43 | E52: Desmonte de ventanas | F52: UN | G52: 1 | L52: 37738.472 | N52: =ROUND($O$7/$N$7*L52,2) -> 38923.19 | Q52: =N52 -> 38923.19 | R52: =ROUND((Q52*$G52),2) -> 38923.19
A53: 1.44 | E53: Desmonte de estanteria metalica incluye trasiego a punto de acopio | F53: UN | G53: 1 | N53: =ROUND($O$7/$N$7*L53,2) -> 0 | Q53: =N53 -> 0 | R53: =ROUND((Q53*$G53),2) -> 0
A54: 1.45 | E54: Desmonte de cortinas tipo black out, solar screen en diferentes longitudes | F54: UN | G54: 1 | N54: =ROUND($O$7/$N$7*L54,2) -> 0 | Q54: =N54 -> 0 | R54: =ROUND((Q54*$G54),2) -> 0
A55: 1.46 | E55: Retiro y limpieza de película sand-blasting | F55: M2 | G55: 1 | N55: =ROUND($O$7/$N$7*L55,2) -> 0 | Q55: =N55 -> 0 | R55: =ROUND((Q55*$G55),2) -> 0
A56: 1.47 | E56: Regata para tubería eléctrica, de agua o telecomunicaciones | F56: ML | G56: 1 | N56: =ROUND($O$7/$N$7*L56,2) -> 0 | Q56: =N56 -> 0 | R56: =ROUND((Q56*$G56),2) -> 0
A57: 1.48 | E57: Demolición y trasiego de placas prefabricadas en concreto | F57: UN | G57: 1 | L57: 118648.19 | N57: =ROUND($O$7/$N$7*L57,2) -> 122372.89 | Q57: =N57 -> 122372.89 | R57: =ROUND((Q57*$G57),2) -> 122372.89
A58: 1.49 | E58: Demolición y trasiego de soportes de placas prefabricadas en concreto | F58: UN | G58: 1 | L58: 49864.874 | N58: =ROUND($O$7/$N$7*L58,2) -> 51430.27 | Q58: =N58 -> 51430.27 | R58: =ROUND((Q58*$G58),2) -> 51430.27
A59: 1.5 | E59: Excavación manual en material común, (incluye enlonado, trasiego vertical y horizontal a punto de acopio, cargue y retiro de residuos a sitios de disposicion final autorizados) | F59: M3 | G59: 1 | N59: =ROUND($O$7/$N$7*L59,2) -> 0 | Q59: =N59 -> 0 | R59: =ROUND((Q59*$G59),2) -> 0
A60: 1.51 | E60: Demolicion y retiro de carpeta asfaltica (incluye cargue y retiro de escombro) | F60: M2 | G60: 1 | N60: =ROUND($O$7/$N$7*L60,2) -> 0 | Q60: =N60 -> 0 | R60: =ROUND((Q60*$G60),2) -> 0
A61: 1.52 | E61: Desmonte y reinstalación de teja de barro terracota no incluye estructura de soporte | F61: M2 | G61: 1 | N61: =ROUND($O$7/$N$7*L61,2) -> 0 | Q61: =N61 -> 0 | R61: =ROUND((Q61*$G61),2) -> 0
A62: 1.53 | E62: Desmonte y retiro de rejas metálicas (en diferentes tipo de material, malla, varilla cuadrada) | F62: M2 | G62: 1 | N62: =ROUND($O$7/$N$7*L62,2) -> 0 | Q62: =N62 -> 0 | R62: =ROUND((Q62*$G62),2) -> 0
A63: 1.54 | E63: Desmonte y retiro de ductos de aire acondicionado exisatentes en diferentes materiales ( Metalicos, Fibra, Etc), incluye la rejilla, trasiego vertical y horizontal a punto de acopio, cargue y retiro a sitios de disposicion final autorizados. | F63: ML | G63: 1 | N63: =ROUND($O$7/$N$7*L63,2) -> 0 | Q63: =N63 -> 0 | R63: =ROUND((Q63*$G63),2) -> 0
A64: 1.55 | E64: Desmonte de canaleta metálica | F64: ML | G64: 1 | L64: 14611.017 | N64: =ROUND($O$7/$N$7*L64,2) -> 15069.7 | Q64: =N64 -> 15069.7 | R64: =ROUND((Q64*$G64),2) -> 15069.7
A65: 1.56 | E65: Desmonte de tubería metálica PVC, IMC o EMT de Ø1/2" o Ø3/4" | F65: ML | G65: 1 | L65: 20156.472 | N65: =ROUND($O$7/$N$7*L65,2) -> 20789.24 | Q65: =N65 -> 20789.24 | R65: =ROUND((Q65*$G65),2) -> 20789.24
A66: 1.57 | E66: Desmonte de salida de interruptor de alumbrado | F66: UN | G66: 1 | L66: 26442.176 | N66: =ROUND($O$7/$N$7*L66,2) -> 27272.27 | Q66: =N66 -> 27272.27 | R66: =ROUND((Q66*$G66),2) -> 27272.27
A67: 1.58 | E67: Desmonte de tablero eléctrico existente de 24 a 36 circuitos. Incluye identificación de circuitos | F67: UN | G67: 1 | N67: =ROUND($O$7/$N$7*L67,2) -> 0 | Q67: =N67 -> 0 | R67: =ROUND((Q67*$G67),2) -> 0
A68: 1.59 | E68: Demolicion de muros en concreto reforzado con espesor variable de 19 cms a 22 cms, incluye enlonado, trasiego vertical y horizontal a punto de acopio, cargue y retiro de residuos a sitios de disposicion final autorizados | F68: M2 | G68: 1 | N68: =ROUND($O$7/$N$7*L68,2) -> 0 | Q68: =N68 -> 0 | R68: =ROUND((Q68*$G68),2) -> 0
A69: 1.6 | E69: Desmonte y retiro de muebles en madera empotrados tipo biblioteca, incluye trasiego vertical y horizontal a punto de acopio, cargue y retiro a sitios de disposicion final autorizados. | F69: M2 | G69: 1 | N69: =ROUND($O$7/$N$7*L69,2) -> 0 | Q69: =N69 -> 0 | R69: =ROUND((Q69*$G69),2) -> 0
A70: 1.61 | E70: Localización y replanteo con comisión topografica de cimientos con elementos de precisión: Repalnateo altiplanimetrica incluye marcación en terreno, memoria de calculo y cartera, equipos, topografo, cademeros - Area de Parqueadero sede paloquemao | F70: M2 | G70: 1 | N70: =ROUND($O$7/$N$7*L70,2) -> 0 | Q70: =N70 -> 0 | R70: =ROUND((Q70*$G70),2) -> 0
A71: 1.62 | E71: Cerramiento en lona área del proyecto Parqueadero (incluye parales de madera 5"x5" anclados al suelo de acuerdo con la necesidad y amarres con alambre negro No18 -Altura del cerramiento 2M). | F71: ML | G71: 1 | N71: =ROUND($O$7/$N$7*L71,2) -> 0 | Q71: =N71 -> 0 | R71: =ROUND((Q71*$G71),2) -> 0
A72: 1.63 | E72: Excavación mecánica en material común, incluye maquinaria, equipos, mano de obra, demolcion y retiro de capas existentes de asfaltica, placas en concreto, cimentaciones en ciclopeo, cargue, transporte y disposición final en sitio autorizados, limpieza y manejo de los escombros sobre la via de ingreso al proyecto, la medida de metros cubicos excavado se realizará in situ sobre el terreno. | F72: M3 | G72: 1 | N72: =ROUND($O$7/$N$7*L72,2) -> 0 | Q72: =N72 -> 0 | R72: =ROUND((Q72*$G72),2) -> 0
A73: 1.64 | E73: DESMONTE, DESCAPOTE Y LIMPIEZA a máquina, e=0.15m. Incluye cargue, transporte y botada de escombros material vegetal en botaderos oficiales o donde indique la interventoría. Su medida será en sitio. | F73: M2 | G73: 1 | N73: =ROUND($O$7/$N$7*L73,2) -> 0 | Q73: =N73 -> 0 | R73: =ROUND((Q73*$G73),2) -> 0
A74: 1.65 | E74: Suministro e Instalación de CERRAMIENTO EN TEJA ONDULADA DE ZINC calibre 34 e: 0.20mm, con una altura de 2.20 m. Incluye suministro, transporte e instalación de la teja, estructura en madera cada 1.00m, larguero horizontal en la parte superior, concreto de 17.5 Mpa para fijación de estructura en madera común, vientos en madera cada 1.8m, excavación manual en cualquier material, cargue, transporte y botada de material, incluye todos los demás elementos necesarios para su correcta instalación. | F74: ML | G74: 1 | N74: =ROUND($O$7/$N$7*L74,2) -> 0 | Q74: =N74 -> 0 | R74: =ROUND((Q74*$G74),2) -> 0
A75: 1.66 | E75: Suministro e instalación de PROTECCIÓN A CONSTRUCCIONES VECINAS CON POLISOMBRA, incluye parales en largueros, canecas rellenas de suelocemento y todo lo necesario para su correcta construcción y funcionamiento | F75: M2 | G75: 1 | N75: =ROUND($O$7/$N$7*L75,2) -> 0 | Q75: =N75 -> 0 | R75: =ROUND((Q75*$G75),2) -> 0
A76: 1.67 | E76: EXPLANACIÓN Y NIVELACIÓN MECÁNICA del terreno, bajo cualquier grado de humedad con bolas de roca de hasta 0.35 m³, incluye corte de taludes y terraceos requeridos según planos y/o definidos por la interventoría, Medido in situ. Incluye cargue, transporte y botada de material proveniente de la excavación en botaderos oficiales autorizados para el proyecto. | F76: M3 | G76: 1 | N76: =ROUND($O$7/$N$7*L76,2) -> 0 | Q76: =N76 -> 0 | R76: =ROUND((Q76*$G76),2) -> 0
A77: 1.68 | E77: Construcción de ENTIBADO TEMPORAL en tablón de madera (6 usos), bajo cualquier altura y grado de humedad. Incluye suministro, transporte y colocación de elementos en madera, el cargue, transporte interno y externo y botada de material sobrantes en los sitios donde lo indique la interventoría y su medida será en el sitio, su forma de pago se hará por el área que se encuentre en contacto con la tierra. | F77: M2 | G77: 1 | N77: =ROUND($O$7/$N$7*L77,2) -> 0 | Q77: =N77 -> 0 | R77: =ROUND((Q77*$G77),2) -> 0
A78: SUBTOTAL | R78: =ROUND(SUM(R10:R77),2) -> 1834794.6
E79: MUROS, PAÑETES Y MAMPOSTERIA
A80: 2.1 | E80: Muro en Dry wall doble cara de 0.12 (insonorizado con frescasa) | F80: M2 | G80: 1 | L80: 138830.34 | N80: =ROUND($O$7/$N$7*L80,2) -> 143188.61 | Q80: =N80 -> 143188.61 | R80: =ROUND((Q80*$G80),2) -> 143188.61
A81: 2.2 | E81: Dintel en Dry wall reforzado con madera (insonorizado con frescasa) | F81: ML | G81: 1 | N81: =ROUND($O$7/$N$7*L81,2) -> 0 | Q81: =N81 -> 0 | R81: =ROUND((Q81*$G81),2) -> 0
A82: 2.3 | E82: Muros en mampostería bloque No.5 | F82: M2 | G82: 1 | L82: 85436.796 | N82: =ROUND($O$7/$N$7*L82,2) -> 88118.9 | Q82: =N82 -> 88118.9 | R82: =ROUND((Q82*$G82),2) -> 88118.9
A83: 2.4 | E83: Suministro y aplicación de pañete impermeabilizado 1:3 | F83: M2 | G83: 1 | L83: 44453.492 | N83: =ROUND($O$7/$N$7*L83,2) -> 45849.01 | Q83: =N83 -> 45849.01 | R83: =ROUND((Q83*$G83),2) -> 45849.01
A84: 2.5 | E84: Pañetes caras lineales | F84: ML | G84: 1 | N84: =ROUND($O$7/$N$7*L84,2) -> 0 | Q84: =N84 -> 0 | R84: =ROUND((Q84*$G84),2) -> 0
A85: 2.6 | E85: Suministro y aplicación de pañete, mortero 1:4 | F85: M2 | G85: 1 | L85: 38659.861 | N85: =ROUND($O$7/$N$7*L85,2) -> 39873.5 | Q85: =N85 -> 39873.5 | R85: =ROUND((Q85*$G85),2) -> 39873.5
A86: 2.7 | B86: ` | E86: Suministro e instalación de muro en Superboard doble cara de 0.12 | F86: M2 | G86: 1 | N86: =ROUND($O$7/$N$7*L86,2) -> 0 | Q86: =N86 -> 0 | R86: =ROUND((Q86*$G86),2) -> 0
A87: 2.8 | E87: Suministro e instalación de fachaleta en concreto abujardado. incluye cortes y trasiegos internos | F87: M2 | G87: 1 | N87: =ROUND($O$7/$N$7*L87,2) -> 0 | Q87: =N87 -> 0 | R87: =ROUND((Q87*$G87),2) -> 0
A88: SUBTOTAL | R88: =ROUND(SUM(R80:R87),2) -> 317030.02
A89: 3 | E89: ESTRUCTURAS EN CONCRETO Y ESTRUCTURAS METALICAS
A90: 3.1 | E90: Placas en concreto de 10 cms de espesor, incluye refuerzo | F90: M2 | G90: 1 | N90: =ROUND($O$7/$N$7*L90,2) -> 0 | R90: =ROUND((Q90*$G90),2) -> 0
A91: 3.2 | E91: Suministro e instalación de placas de concreto con acabado en granito 60x120 cm incluye pedestales de soporte en concreto | F91: UN | G91: 1 | N91: =ROUND($O$7/$N$7*L91,2) -> 0 | R91: =ROUND((Q91*$G91),2) -> 0
A92: 3.3 | E92: Dovela en muros con concreto fluido 3000 psi no incluye acero de refuerzo | F92: ML | G92: 1 | N92: =ROUND($O$7/$N$7*L92,2) -> 0 | R92: =ROUND((Q92*$G92),2) -> 0
A93: 3.4 | E93: Dilatacion sobre concreto fundido en concreto con pulidora, espesor de 3 mm, profundidad de 2 a 3 cm (incluye cordon de polietileno, sellante para juntas, limpieza y retiro de residuos de construcción y polvo) | F93: ML | G93: 1 | N93: =ROUND($O$7/$N$7*L93,2) -> 0 | R93: =ROUND((Q93*$G93),2) -> 0
A94: 3.5 | E94: Construcción de carcamo tipo alcancia en concreto de 3000 psi impermeabilizado, fundido en sitio, profundidad variable entre 0,40 mts y 0,60 mts y ancho de 0,40 mts a 0,50 mts (longitud Libres), incluye muros de 0,12 mts de espesor, placa de fondo de 0,12 mts de espesor, tapa con ranuras en la parte superior de concreto, formaletas, medias cañas, morteros de nivelación y acero de refuerzo | F94: ML | G94: 1 | N94: =ROUND($O$7/$N$7*L94,2) -> 0 | R94: =ROUND((Q94*$G94),2) -> 0
A95: 3.6 | E95: Suministro e instalacion de rejilla metalica para carcamo entre 0,64 a 0,74 mts de ancho en angulo de 2''x1/4 con platina de 2''x3/8, inclye marco y contramarco. | F95: ML | G95: 1 | N95: =ROUND($O$7/$N$7*L95,2) -> 0 | R95: =ROUND((Q95*$G95),2) -> 0
A96: 3.7 | E96: Suministro e instalacion de topellantas prefabricados en concreto de 0,25 mts por 0,60 mts de largo sin pintar, incluye suministro, transporte, mortero de pega, aditivos de pega y todos los demas elementos necesarios para su correcta instalacon y funcionamineto., | F96: UN | G96: 1 | N96: =ROUND($O$7/$N$7*L96,2) -> 0 | R96: =ROUND((Q96*$G96),2) -> 0
A97: 3.8 | E97: Suministro e instalacion de acero figurado de refuerzo para elementos de concreto estructural | F97: Kg | G97: 1 | N97: =ROUND($O$7/$N$7*L97,2) -> 0 | R97: =ROUND((Q97*$G97),2) -> 0
A98: 3.9 | E98: Suministro e instalacion de concreto hidraulico MR-40, incluye ensayos de laboratorio | F98: M3 | G98: 1 | N98: =ROUND($O$7/$N$7*L98,2) -> 0 | R98: =ROUND((Q98*$G98),2) -> 0
A99: 3.1 | E99: Suministro e instalacion de barrera de vapor | F99: M2 | G99: 1 | N99: =ROUND($O$7/$N$7*L99,2) -> 0 | R99: =ROUND((Q99*$G99),2) -> 0
A100: 3.11 | E100: Suministro e Instalacion de concreto de 3,500 PSI (24,5 Mpa) | F100: M3 | G100: 1 | N100: =ROUND($O$7/$N$7*L100,2) -> 0 | R100: =ROUND((Q100*$G100),2) -> 0
A101: 3.12 | E101: Colocación de GROUTING en concreto de 17.5 Mpa., para relleno de muro no estructural (bloque, tolete o catalán). Incluye mano de obra, vibrado, protección, curado y todos demás elementos necesarios para su correcta construcción. No incluye refuerzo. | F101: M3 | G101: 1 | N101: =ROUND($O$7/$N$7*L101,2) -> 0 | R101: =ROUND((Q101*$G101),2) -> 0
... A107: 3.18 | E107: Construcción de Juntas de Dilatación Para Pïso. | F107: ML | G107: 1 | N107: =ROUND($O$7/$N$7*L107,2) -> 0 | R107: =ROUND((Q107*$G107),2) -> 0
A108: SUBTOTAL | R108: =ROUND(SUM(R90:R107),2) -> 0
A109: 4 | E109: CUBIERTAS E IMPERMEABILIZACIONES
A110: 4.1 | E110: Suministro e instalación de sistema de impermeabilización en poliurea en frio, para tráfico pesado | F110: M2 | G110: 1 | L110: 241422.67 | N110: =ROUND($O$7/$N$7*L110,2) -> 249001.6 | Q110: =N110 -> 249001.6 | R110: =ROUND((Q110*$G110),2) -> 249001.6
A111: 4.2 | E111: Suministro e instalación de manto asfáltico 4 mm con alma central de polietileno de alta densidad sin foil | F111: M2 | G111: 1 | L111: 107601.5 | N111: =ROUND($O$7/$N$7*L111,2) -> 110979.41 | Q111: =N111 -> 110979.41 | R111: =ROUND((Q111*$G111),2) -> 110979.41
A112: 4.3 | E112: Destrocado de superficie para retiro de material bituminoso y exposición de placa | F112: M2 | G112: 1 | L112: 29075.126 | N112: =ROUND($O$7/$N$7*L112,2) -> 29987.88 | Q112: =N112 -> 29987.88 | R112: =ROUND((Q112*$G112),2) -> 29987.88
A113: 4.4 | E113: Sello de fisuras y discontinuidades | F113: ML | G113: 1 | L113: 30191.918 | N113: =ROUND($O$7/$N$7*L113,2) -> 31139.73 | Q113: =N113 -> 31139.73 | R113: =ROUND((Q113*$G113),2) -> 31139.73
A114: 4.5 | E114: Suministro e instalación de flanche en lámina galvanizada calibre 26 con desarrollo de 0.60 mts | F114: ML | G114: 1 | L114: 113698.93 | N114: =ROUND($O$7/$N$7*L114,2) -> 117268.26 | Q114: =N114 -> 117268.26 | R114: =ROUND((Q114*$G114),2) -> 117268.26
A115: 4.6 | E115: Suministro e instalación de flanche en lámina galvanizada calibre 26 con desarrollo de 0.30 mts | F115: ML | G115: 1 | L115: 70630.376 | N115: =ROUND($O$7/$N$7*L115,2) -> 72847.66 | Q115: =N115 -> 72847.66 | R115: =ROUND((Q115*$G115),2) -> 72847.66
A116: 4.7 | E116: Suministro y aplicación de boquilla con mortero 1:3 impermeabilizado | F116: M2 | G116: 1 | L116: 31472.736 | N116: =ROUND($O$7/$N$7*L116,2) -> 32460.75 | Q116: =N116 -> 32460.75 | R116: =ROUND((Q116*$G116),2) -> 32460.75
A117: 4.8 | E117: Suministro y aplicación de impermeabilizante al frio sikafill 300 thermic o similar | F117: M2 | G117: 1 | L117: 74752.383 | N117: =ROUND($O$7/$N$7*L117,2) -> 77099.07 | Q117: =N117 -> 77099.07 | R117: =ROUND((Q117*$G117),2) -> 77099.07
A118: 4.9 | E118: Suministro y aplicación de poliuretano elastomerico en goteros, uniones de concreto | F118: ML | G118: 1 | L118: 43982.813 | N118: =ROUND($O$7/$N$7*L118,2) -> 45363.56 | Q118: =N118 -> 45363.56 | R118: =ROUND((Q118*$G118),2) -> 45363.56
A119: 4.1 | E119: Lavado e impermeabilizacion con hidrofugo muro y/o fachada en diferentes materiales, bloque de concreto abujardado, diferentes tipo de ladrillo, marmol incluye sellamiento de fisuras con Sika transparente 10 o similar | F119: M2 | G119: 1 | N119: =ROUND($O$7/$N$7*L119,2) -> 0 | Q119: =N119 -> 0 | R119: =ROUND((Q119*$G119),2) -> 0
A120: 4.11 | E120: Suministro e instalación de membrana en PVC de 1200 micras, reforzada con poliéster antideslizante, resistente a rayos UV. Incluye remates necesarios para su instalación y correcto funcionamiento | F120: M2 | G120: 1 | L120: 232840.62 | N120: =ROUND($O$7/$N$7*L120,2) -> 240150.14 | Q120: =N120 -> 240150.14 | R120: =ROUND((Q120*$G120),2) -> 240150.14
A121: 4.12 | E121: Suministro e instalación de membrana en PVC de 1500 micras, reforzada con poliéster antideslizante, resistente a rayos UV. Incluye remates necesarios para su instalación y correcto funcionamiento | F121: M2 | G121: 1 | L121: 476001.95 | N121: =ROUND($O$7/$N$7*L121,2) -> 490944.99 | Q121: =N121 -> 490944.99 | R121: =ROUND((Q121*$G121),2) -> 490944.99
A122: 4.13 | E122: Suministro e instalación de teja en barro terracota incluye caballete en barro terracota incluye los accesorios necesarios para su correcta instalación | F122: M2 | G122: 1 | N122: =ROUND($O$7/$N$7*L122,2) -> 0 | R122: =ROUND((Q122*$G122),2) -> 0
A123: 4.14 | E123: Suministro e instalacion de lamina de policarbonato alveolar 8 mm | F123: M2 | G123: 1 | N123: =ROUND($O$7/$N$7*L123,2) -> 0 | R123: =ROUND((Q123*$G123),2) -> 0
A124: 4.15 | E124: Limpieza y sondeo de canales y bajantes | F124: ML | G124: 1 | N124: =ROUND($O$7/$N$7*L124,2) -> 0 | R124: =ROUND((Q124*$G124),2) -> 0
...

Sheet ANEXO 3
A2: ANEXO 3 COTIZACIONES E HISTORICOS
B3: REALIZAR LAS OBRAS DE MANTENIMIENTO, ADECUACIÓN, REMODELACIÓN Y MEJORAMIENTO DE LA INFRAESTRUCTURA FÍSICA, INCLUYENDO REDES ELÉCTRICAS, HIDRÁULICAS Y DEMÁS INSTALACIONES TÉCNICAS ASOCIADAS, EN SEDES DEL NIVEL CENTRAL DE LA FISCALÍA GENERAL DE LA NACIÓN – FASE V, BAJO LA MODALIDAD DE PRECIOS UNITARIOS SIN FÓRMULA DE REAJUSTE.”
A6: Nº | B6: ÍTEM DE PAGO | C6: ESPECIFICACIONES | E6: DESCRIPCIÓN | F6: UND. | G6: CANTIDAD | I6: ANALISIS COTIZACIONES | L6: ANALISIS HISTORICOS | O6: PRESUPUESTO TOTAL ASIGNADO
I7: VALOR UNITARIO CON IVA Y CON AIU | L7: VALOR UNITARIO CON IVA Y CON AIU | O7: VALOR UNITARIO CON IVA Y CON AIU
I8: VALOR UNITARIO | J8: VALOR TOTAL | L8: VALOR UNITARIO | M8: VALOR TOTAL | O8: VALOR UNITARIO | P8: VALOR TOTAL
C9: GENERAL | D9: PARTICULAR
E10: PRELIMINARES
A11: 1.1 | E11: Demolición muros en mampostería | F11: M2 | G11: 1 | I11: =ANEXO1!Z10 -> 38914.31 | J11: =I11 -> 38914.31 | L11: ='ANEXO 2'!Q10 -> 40320.71 | M11: =ROUND((L11*$G11),2) -> 40320.71 | O11: =I11 -> 38914.31 | P11: =ROUND((O11*$G11),2) -> 38914.31
A12: 1.2 | E12: Desmonte de manto asfaltico existente | F12: M2 | G12: 1 | I12: =ANEXO1!Z11 -> 21228.03 | J12: =I12 -> 21228.03 | L12: ='ANEXO 2'!Q11 -> 22934.07 | M12: =ROUND((L12*$G12),2) -> 22934.07 | O12: =I12 -> 21228.03 | P12: =ROUND((O12*$G12),2) -> 21228.03
A13: 1.3 | E13: Demolición de mortero de nivelación existente | F13: M2 | G13: 1 | I13: =ANEXO1!Z12 -> 21672.27 | J13: =I13 -> 21672.27 | L13: ='ANEXO 2'!Q12 -> 22656.03 | M13: =ROUND((L13*$G13),2) -> 22656.03 | O13: =I13 -> 21672.27 | P13: =ROUND((O13*$G13),2) -> 21672.27
A14: 1.4 | E14: Demolición de medias cañas | F14: ML | G14: 1 | I14: =ANEXO1!Z13 -> 12289.53 | J14: =I14 -> 12289.53 | L14: ='ANEXO 2'!Q13 -> 16995.34 | M14: =ROUND((L14*$G14),2) -> 16995.34 | O14: =I14 -> 12289.53 | P14: =ROUND((O14*$G14),2) -> 12289.53
A15: 1.5 | E15: Desmonte de domos acrílicos | F15: UN | G15: 1 | I15: =ANEXO1!Z14 -> 16158.44 | J15: =I15 -> 16158.44 | L15: ='ANEXO 2'!Q14 -> 19226.96 | M15: =ROUND((L15*$G15),2) -> 19226.96 | O15: =I15 -> 16158.44 | P15: =ROUND((O15*$G15),2) -> 16158.44
A16: 1.6 | E16: Desmonte de flanches galvanizados desde 0.20 cm hasta 0.80 cm (incluye disposición final) | F16: ML | G16: 1 | I16: =ANEXO1!Z15 -> 13003.36 | J16: =I16 -> 13003.36 | L16: ='ANEXO 2'!Q15 -> 0 | M16: =ROUND((L16*$G16),2) -> 0 | O16: =I16 -> 13003.36 | P16: =ROUND((O16*$G16),2) -> 13003.36
A17: 1.7 | E17: Desmonte de equipos de extracción | F17: UN | G17: 1 | I17: =ANEXO1!Z16 -> 125322.8 | J17: =I17 -> 125322.8 | L17: ='ANEXO 2'!Q16 -> 269011.17 | M17: =ROUND((L17*$G17),2) -> 269011.17 | O17: =I17 -> 125322.8 | P17: =ROUND((O17*$G17),2) -> 125322.8
A18: 1.8 | E18: Desmonte y retiro de tapete / alfombra existente incluye disposición final el sitio autorizado | F18: M2 | G18: 1 | I18: =ANEXO1!Z17 -> 22253.4 | J18: =I18 -> 22253.4 | L18: ='ANEXO 2'!Q17 -> 0 | M18: =ROUND((L18*$G18),2) -> 0 | O18: =I18 -> 22253.4 | P18: =ROUND((O18*$G18),2) -> 22253.4
A19: 1.9 | E19: Demolición de piso existente | F19: M2 | G19: 1 | I19: =ANEXO1!Z18 -> 18167.42 | J19: =I19 -> 18167.42 | L19: ='ANEXO 2'!Q18 -> 20186.1 | M19: =ROUND((L19*$G19),2) -> 20186.1 | O19: =I19 -> 18167.42 | P19: =ROUND((O19*$G19),2) -> 18167.42
A20: 1.1 | E20: Desmonte de guarda escoba | F20: ML | G20: 1 | I20: =ANEXO1!Z19 -> 7147.8 | J20: =I20 -> 7147.8 | L20: ='ANEXO 2'!Q19 -> 6559.53 | M20: =ROUND((L20*$G20),2) -> 6559.53 | O20: =ROUND(AVERAGE(I20,L20),2) -> 6853.67 | P20: =ROUND((O20*$G20),2) -> 6853.67
A21: 1.11 | E21: Demolición muros en Dry wall | F21: M2 | G21: 1 | I21: =ANEXO1!Z20 -> 20458.31 | J21: =I21 -> 20458.31 | L21: ='ANEXO 2'!Q20 -> 21986.7 | M21: =ROUND((L21*$G21),2) -> 21986.7 | O21: =I21 -> 20458.31 | P21: =ROUND((O21*$G21),2) -> 20458.31
A22: 1.12 | E22: Demolición de cielo raso | F22: M2 | G22: 1 | I22: =ANEXO1!Z21 -> 16964.51 | J22: =I22 -> 16964.51 | L22: ='ANEXO 2'!Q21 -> 20186.1 | M22: =ROUND((L22*$G22),2) -> 20186.1 | O22: =I22 -> 16964.51 | P22: =ROUND((O22*$G22),2) -> 16964.51
A23: 1.13 | E23: Desmonte de marcos y puertas | F23: UN | G23: 1 | I23: =ANEXO1!Z22 -> 29540.12 | J23: =I23 -> 29540.12 | L23: ='ANEXO 2'!Q22 -> 29674.54 | M23: =ROUND((L23*$G23),2) -> 29674.54 | O23: =I23 -> 29540.12 | P23: =ROUND((O23*$G23),2) -> 29540.12
A24: 1.14 | E24: Regata instalación sanitaria | F24: ML | G24: 1 | I24: =ANEXO1!Z23 -> 17567.82 | J24: =I24 -> 17567.82 | L24: ='ANEXO 2'!Q23 -> 20903.98 | M24: =ROUND((L24*$G24),2) -> 20903.98 | O24: =I24 -> 17567.82 | P24: =ROUND((O24*$G24),2) -> 17567.82
A25: 1.15 | E25: Sellamiento punto hidráulico | F25: UN | G25: 1 | I25: =ANEXO1!Z24 -> 15109.41 | J25: =I25 -> 15109.41 | L25: ='ANEXO 2'!Q24 -> 25496.68 | M25: =ROUND((L25*$G25),2) -> 25496.68 | O25: =I25 -> 15109.41 | P25: =ROUND((O25*$G25),2) -> 15109.41
A26: 1.16 | E26: Sellamiento punto sanitario | F26: UN | G26: 1 | I26: =ANEXO1!Z25 -> 25370.11 | J26: =I26 -> 25370.11 | L26: ='ANEXO 2'!Q25 -> 30187.94 | M26: =ROUND((L26*$G26),2) -> 30187.94 | O26: =I26 -> 25370.11 | P26: =ROUND((O26*$G26),2) -> 25370.11
A27: 1.17 | E27: Desmonte de puesto de trabajo | F27: UN | G27: 1 | I27: =ANEXO1!Z26 -> 31152.29 | J27: =I27 -> 31152.29 | L27: ='ANEXO 2'!Q26 -> 37068.16 | M27: =ROUND((L27*$G27),2) -> 37068.16 | O27: =I27 -> 31152.29 | P27: =ROUND((O27*$G27),2) -> 31152.29
A28: 1.18 | E28: Montaje de puesto de trabajo | F28: UN | G28: 1 | I28: =ANEXO1!Z27 -> 35045.4 | J28: =I28 -> 35045.4 | L28: ='ANEXO 2'!Q27 -> 41700.58 | M28: =ROUND((L28*$G28),2) -> 41700.58 | O28: =I28 -> 35045.4 | P28: =ROUND((O28*$G28),2) -> 35045.4
A29: 1.19 | E29: Desmonte de divisiones de oficina abierta | F29: M2 | G29: 1 | I29: =ANEXO1!Z28 -> 48762.61 | J29: =I29 -> 48762.61 | L29: ='ANEXO 2'!Q28 -> 49963.61 | M29: =ROUND((L29*$G29),2) -> 49963.61 | O29: =I29 -> 48762.61 | P29: =ROUND((O29*$G29),2) -> 48762.61
A30: 1.2 | E30: Desmonte de unidades de archivo rodante | F30: UN | G30: 1 | I30: =ANEXO1!Z29 -> 73987.61 | J30: =I30 -> 73987.61 | L30: ='ANEXO 2'!Q29 -> 88037.99 | M30: =ROUND((L30*$G30),2) -> 88037.99 | O30: =I30 -> 73987.61 | P30: =ROUND((O30*$G30),2) -> 73987.61
A31: 1.21 | E31: Montaje de unidades de archivo rodante | F31: UN | G31: 1 | I31: =ANEXO1!Z30 -> 70600.15 | J31: =I31 -> 70600.15 | L31: ='ANEXO 2'!Q30 -> 84007.24 | M31: =ROUND((L31*$G31),2) -> 84007.24 | O31: =I31 -> 70600.15 | P31: =ROUND((O31*$G31),2) -> 70600.15
A32: 1.22 | E32: Desmonte de Sanitario | F32: UN | G32: 1 | I32: =ANEXO1!Z31 -> 47643.4 | J32: =I32 -> 47643.4 | L32: ='ANEXO 2'!Q31 -> 50229.88 | M32: =ROUND((L32*$G32),2) -> 50229.88 | O32: =I32 -> 47643.4 | P32: =ROUND((O32*$G32),2) -> 47643.4
... A36: 1.26 | E36: Demolición de mesón | F36: ML | G36: 1 | I36: =ANEXO1!Z35 -> 41488.04 | J36: =I36 -> 41488.04 | L36: ='ANEXO 2'!Q35 -> 42024.22 | M36: =ROUND((L36*$G36),2) -> 42024.22 | O36: =I36 -> 41488.04 | P36: =ROUND((O36*$G36),2) -> 41488.04
A37: 1.27 | E37: Demolición de enchape | F37: M2 | G37: 1 | I37: =ANEXO1!Z36 -> 20934.7 | J37: =I37 -> 20934.7 | L37: ='ANEXO 2'!Q36 -> 18170.73 | M37: =ROUND((L37*$G37),2) -> 18170.73 | O37: =ROUND(AVERAGE(I37,L37),2) -> 19552.72 | P37: =ROUND((O37*$G37),2) -> 19552.72
A38: 1.28 | E38: Demolición de pisos baños | F38: M2 | G38: 1 | I38: =ANEXO1!Z37 -> 18480.34 | J38: =I38 -> 18480.34 | L38: ='ANEXO 2'!Q37 -> 14276.79 | M38: =ROUND((L38*$G38),2) -> 14276.79 | O38: =ROUND(AVERAGE(I38,L38),2) -> 16378.57 | P38: =ROUND((O38*$G38),2) -> 16378.57
A39: 1.29 | E39: Desmonte y retiro de piso vinílico | F39: M2 | G39: 1 | I39: =ANEXO1!Z38 -> 16544.77 | J39: =I39 -> 16544.77 | L39: ='ANEXO 2'!Q38 -> 14422.42 | M39: =ROUND((L39*$G39),2) -> 14422.42 | O39: =ROUND(AVERAGE(I39,L39),2) -> 15483.6 | P39: =ROUND((O39*$G39),2) -> 15483.6
A40: 1.3 | E40: Desmonte de puertas en vidrio y fijos en vidrio templado | F40: M2 | G40: 1 | I40: =ANEXO1!Z39 -> 17879.37 | J40: =I40 -> 17879.37 | L40: ='ANEXO 2'!Q39 -> 21274.69 | M40: =ROUND((L40*$G40),2) -> 21274.69 | O40: =I40 -> 17879.37 | P40: =ROUND((O40*$G40),2) -> 17879.37
A41: 1.31 | E41: Desmonte de secador de manos | F41: UN | G41: 1 | I41: =ANEXO1!Z40 -> 23604.68 | J41: =I41 -> 23604.68 | L41: ='ANEXO 2'!Q40 -> 28087.25 | M41: =ROUND((L41*$G41),2) -> 28087.25 | O41: =I41 -> 23604.68 | P41: =ROUND((O41*$G41),2) -> 23604.68
A42: 1.32 | E42: Cerramiento provisional (poli sombra y parales de madera) | F42: M2 | G42: 1 | I42: =ANEXO1!Z41 -> 26574.27 | J42: =I42 -> 26574.27 | L42: ='ANEXO 2'!Q41 -> 31620.77 | M42: =ROUND((L42*$G42),2) -> 31620.77 | O42: =I42 -> 26574.27 | P42: =ROUND((O42*$G42),2) -> 26574.27
A43: 1.33 | E43: localización y replanteo | F43: M2 | G43: 1 | I43: =ANEXO1!Z42 -> 5325.26 | J43: =I43 -> 5325.26 | L43: ='ANEXO 2'!Q42 -> 4482.37 | M43: =ROUND((L43*$G43),2) -> 4482.37 | O43: =ROUND(AVERAGE(I43,L43),2) -> 4903.82 | P43: =ROUND((O43*$G43),2) -> 4903.82
A44: 1.34 | E44: Desmonte de muebles de cocina | F44: ML | G44: 1 | I44: =ANEXO1!Z43 -> 56472.33 | J44: =I44 -> 56472.33 | L44: ='ANEXO 2'!Q43 -> 87134.75 | M44: =ROUND((L44*$G44),2) -> 87134.75 | O44: =I44 -> 56472.33 | P44: =ROUND((O44*$G44),2) -> 56472.33
A45: 1.35 | E45: Desmonte de parlantes | F45: UN | G45: 1 | I45: =ANEXO1!Z44 -> 23903.9 | J45: =I45 -> 23903.9 | L45: ='ANEXO 2'!Q44 -> 31216.22 | M45: =ROUND((L45*$G45),2) -> 31216.22 | O45: =I45 -> 23903.9 | P45: =ROUND((O45*$G45),2) -> 23903.9
A46: 1.36 | E46: Desmonte de detectores de humo | F46: UN | G46: 1 | I46: =ANEXO1!Z45 -> 15252.99 | J46: =I46 -> 15252.99 | L46: ='ANEXO 2'!Q45 -> 13454.46 | M46: =ROUND((L46*$G46),2) -> 13454.46 | O46: =ROUND(AVERAGE(I46,L46),2) -> 14353.73 | P46: =ROUND((O46*$G46),2) -> 14353.73
A47: 1.37 | E47: Desmonte de salida de voz y datos | F47: UN | G47: 1 | I47: =ANEXO1!Z46 -> 15680.44 | J47: =I47 -> 15680.44 | L47: ='ANEXO 2'!Q46 -> 14132.62 | M47: =ROUND((L47*$G47),2) -> 14132.62 | O47: =ROUND(AVERAGE(I47,L47),2) -> 14906.53 | P47: =ROUND((O47*$G47),2) -> 14906.53
A48: 1.38 | E48: Desmonte de salida eléctrica normal y regulada | F48: UN | G48: 1 | I48: =ANEXO1!Z47 -> 16035.57 | J48: =I48 -> 16035.57 | L48: ='ANEXO 2'!Q47 -> 14696.04 | M48: =ROUND((L48*$G48),2) -> 14696.04 | O48: =ROUND(AVERAGE(I48,L48),2) -> 15365.81 | P48: =ROUND((O48*$G48),2) -> 15365.81
A49: 1.39 | E49: Desmonte y Retiro de canaleta metalica, incluye la totalidad del cableado electrico de corriente normal y regulada y la totalidad del cableado UTP de la red lógica datos instalados. | F49: ML | G49: 1 | I49: =ANEXO1!Z48 -> 27090.34 | J49: =I49 -> 27090.34 | L49: ='ANEXO 2'!Q48 -> 0 | M49: =ROUND((L49*$G49),2) -> 0 | O49: =I49 -> 27090.34 | P49: =ROUND((O49*$G49),2) -> 27090.34
A50: 1.4 | E50: Demolición de pañete | F50: M2 | G50: 1 | I50: =ANEXO1!Z49 -> 16011.36 | J50: =I50 -> 16011.36 | L50: ='ANEXO 2'!Q49 -> 24458.1 | M50: =ROUND((L50*$G50),2) -> 24458.1 | O50: =I50 -> 16011.36 | P50: =ROUND((O50*$G50),2) -> 16011.36
A51: 1.41 | E51: Demolición de poyo | F51: M2 | G51: 1 | I51: =ANEXO1!Z50 -> 30414.56 | J51: =I51 -> 30414.56 | L51: ='ANEXO 2'!Q50 -> 34657.07 | M51: =ROUND((L51*$G51),2) -> 34657.07 | O51: =I51 -> 30414.56 | P51: =ROUND((O51*$G51),2) -> 30414.56
A52: 1.42 | E52: Demolición de placa | F52: M2 | G52: 1 | I52: =ANEXO1!Z51 -> 67112.53 | J52: =I52 -> 67112.53 | L52: ='ANEXO 2'!Q51 -> 104650.84 | M52: =ROUND((L52*$G52),2) -> 104650.84 | O52: =I52 -> 67112.53 | P52: =ROUND((O52*$G52),2) -> 67112.53
A53: 1.43 | E53: Desmonte de ventanas | F53: UN | G53: 1 | I53: =ANEXO1!Z52 -> 32711.26 | J53: =I53 -> 32711.26 | L53: ='ANEXO 2'!Q52 -> 38923.19 | M53: =ROUND((L53*$G53),2) -> 38923.19 | O53: =I53 -> 32711.26 | P53: =ROUND((O53*$G53),2) -> 32711.26
A54: 1.44 | E54: Desmonte de estanteria metalica incluye trasiego a punto de acopio | F54: UN | G54: 1 | I54: =ANEXO1!Z53 -> 81336.34 | J54: =I54 -> 81336.34 | L54: ='ANEXO 2'!Q53 -> 0 | M54: =ROUND((L54*$G54),2) -> 0 | O54: =I54 -> 81336.34 | P54: =ROUND((O54*$G54),2) -> 81336.34
A55: 1.45 | E55: Desmonte de cortinas tipo black out, solar screen en diferentes longitudes | F55: UN | G55: 1 | I55: =ANEXO1!Z54 -> 38462.3 | J55: =I55 -> 38462.3 | L55: ='ANEXO 2'!Q54 -> 0 | M55: =ROUND((L55*$G55),2) -> 0 | O55: =I55 -> 38462.3 | P55: =ROUND((O55*$G55),2) -> 38462.3
A56: 1.46 | E56: Retiro y limpieza de película sand-blasting | F56: M2 | G56: 1 | I56: =ANEXO1!Z55 -> 15058.64 | J56: =I56 -> 15058.64 | L56: ='ANEXO 2'!Q55 -> 0 | M56: =ROUND((L56*$G56),2) -> 0 | O56: =I56 -> 15058.64 | P56: =ROUND((O56*$G56),2) -> 15058.64
A57: 1.47 | E57: Regata para tubería eléctrica, de agua o telecomunicaciones | F57: ML | G57: 1 | I57: =ANEXO1!Z56 -> 19568.99 | J57: =I57 -> 19568.99 | L57: ='ANEXO 2'!Q56 -> 0 | M57: =ROUND((L57*$G57),2) -> 0 | O57: =I57 -> 19568.99 | P57: =ROUND((O57*$G57),2) -> 19568.99
A58: 1.48 | E58: Demolición y trasiego de placas prefabricadas en concreto | F58: UN | G58: 1 | I58: =ANEXO1!Z57 -> 73660.61 | J58: =I58 -> 73660.61 | L58: ='ANEXO 2'!Q57 -> 122372.89 | M58: =ROUND((L58*$G58),2) -> 122372.89 | O58: =I58 -> 73660.61 | P58: =ROUND((O58*$G58),2) -> 73660.61
A59: 1.49 | E59: Demolición y trasiego de soportes de placas prefabricadas en concreto | F59: UN | G59: 1 | I59: =ANEXO1!Z58 -> 48400.01 | J59: =I59 -> 48400.01 | L59: ='ANEXO 2'!Q58 -> 51430.27 | M59: =ROUND((L59*$G59),2) -> 51430.27 | O59: =I59 -> 48400.01 | P59: =ROUND((O59*$G59),2) -> 48400.01
A60: 1.5 | E60: Excavación manual en material común, (incluye enlonado, trasiego vertical y horizontal a punto de acopio, cargue y retiro de residuos a sitios de disposicion final autorizados) | F60: M3 | G60: 1 | I60: =ANEXO1!Z59 -> 164100.28 | J60: =I60 -> 164100.28 | L60: ='ANEXO 2'!Q59 -> 0 | M60: =ROUND((L60*$G60),2) -> 0 | O60: =I60 -> 164100.28 | P60: =ROUND((O60*$G60),2) -> 164100.28
... A78: 1.68 | E78: Construcción de ENTIBADO TEMPORAL en tablón de madera (6 usos), bajo cualquier altura y grado de humedad. Incluye suministro, transporte y colocación de elementos en madera, el cargue, transporte interno y externo y botada de material sobrantes en los sitios donde lo indique la interventoría y su medida será en el sitio, su forma de pago se hará por el área que se encuentre en contacto con la tierra. | F78: M2 | G78: 1 | I78: =ANEXO1!Z77 -> 106194.12 | J78: =I78 -> 106194.12 | L78: ='ANEXO 2'!Q77 -> 0 | M78: =ROUND((L78*$G78),2) -> 0 | O78: =I78 -> 106194.12 | P78: =ROUND((O78*$G78),2) -> 106194.12
A79: SUBTOTAL | M79: =ROUND(SUM(M11:M78),2) -> 1834794.6 | P79: =ROUND(SUM(P11:P78),2) -> 2820669.7
E80: MUROS, PAÑETES Y MAMPOSTERIA
A81: 2.1 | E81: Muro en Dry wall doble cara de 0.12 (insonorizado con frescasa) | F81: M2 | G81: 1 | I81: =ANEXO1!Z80 -> 133675.88 | J81: =I81 -> 133675.88 | L81: ='ANEXO 2'!Q80 -> 143188.61 | M81: =ROUND((L81*$G81),2) -> 143188.61 | O81: =I81 -> 133675.88 | P81: =ROUND((O81*$G81),2) -> 133675.88
A82: 2.2 | E82: Dintel en Dry wall reforzado con madera (insonorizado con frescasa) | F82: ML | G82: 1 | I82: =ANEXO1!Z81 -> 58736.61 | J82: =I82 -> 58736.61 | L82: ='ANEXO 2'!Q81 -> 0 | M82: =ROUND((L82*$G82),2) -> 0 | O82: =I82 -> 58736.61 | P82: =ROUND((O82*$G82),2) -> 58736.61
A83: 2.3 | E83: Muros en mampostería bloque No.5 | F83: M2 | G83: 1 | I83: =ANEXO1!Z82 -> 86391.71 | J83: =I83 -> 86391.71 | L83: ='ANEXO 2'!Q82 -> 88118.9 | M83: =ROUND((L83*$G83),2) -> 88118.9 | O83: =I83 -> 86391.71 | P83: =ROUND((O83*$G83),2) -> 86391.71
A84: 2.4 | E84: Suministro y aplicación de pañete impermeabilizado 1:3 | F84: M2 | G84: 1 | I84: =ANEXO1!Z83 -> 41089.47 | J84: =I84 -> 41089.47 | L84: ='ANEXO 2'!Q83 -> 45849.01 | M84: =ROUND((L84*$G84),2) -> 45849.01 | O84: =I84 -> 41089.47 | P84: =ROUND((O84*$G84),2) -> 41089.47
A85: 2.5 | E85: Pañetes caras lineales | F85: ML | G85: 1 | I85: =ANEXO1!Z84 -> 16467.44 | J85: =I85 -> 16467.44 | L85: ='ANEXO 2'!Q84 -> 0 | M85: =ROUND((L85*$G85),2) -> 0 | O85: =I85 -> 16467.44 | P85: =ROUND((O85*$G85),2) -> 16467.44
A86: 2.6 | E86: Suministro y aplicación de pañete, mortero 1:4 | F86: M2 | G86: 1 | I86: =ANEXO1!Z85 -> 23006.26 | J86: =I86 -> 23006.26 | L86: ='ANEXO 2'!Q85 -> 39873.5 | M86: =ROUND((L86*$G86),2) -> 39873.5 | O86: =I86 -> 23006.26 | P86: =ROUND((O86*$G86),2) -> 23006.26
A87: 2.7 | B87: ` | E87: Suministro e instalación de muro en Superboard doble cara de 0.12 | F87: M2 | G87: 1 | I87: =ANEXO1!Z86 -> 150552.91 | J87: =I87 -> 150552.91 | L87: ='ANEXO 2'!Q86 -> 0 | M87: =ROUND((L87*$G87),2) -> 0 | O87: =I87 -> 150552.91 | P87: =ROUND((O87*$G87),2) -> 150552.91
A88: 2.8 | E88: Suministro e instalación de fachaleta en concreto abujardado. incluye cortes y trasiegos internos | F88: M2 | G88: 1 | I88: =ANEXO1!Z87 -> 153308.62 | J88: =I88 -> 153308.62 | L88: ='ANEXO 2'!Q87 -> 0 | M88: =ROUND((L88*$G88),2) -> 0 | O88: =I88 -> 153308.62 | P88: =ROUND((O88*$G88),2) -> 153308.62
A89: SUBTOTAL | M89: =ROUND(SUM(M81:M88),2) -> 317030.02 | P89: =ROUND(SUM(P81:P88),2) -> 663228.9
A90: 3 | E90: ESTRUCTURAS EN CONCRETO Y ESTRUCTURAS METALICAS
A91: 3.1 | E91: Placas en concreto de 10 cms de espesor, incluye refuerzo | F91: M2 | G91: 1 | I91: =ANEXO1!Z90 -> 150000 | J91: =I91 -> 150000 | L91: ='ANEXO 2'!Q90 -> 0 | M91: =ROUND((L91*$G91),2) -> 0 | O91: =I91 -> 150000 | P91: =ROUND((O91*$G91),2) -> 150000
A92: 3.2 | E92: Suministro e instalación de placas de concreto con acabado en granito 60x120 cm incluye pedestales de soporte en concreto | F92: UN | G92: 1 | I92: =ANEXO1!Z91 -> 365900 | J92: =I92 -> 365900 | L92: ='ANEXO 2'!Q91 -> 0 | M92: =ROUND((L92*$G92),2) -> 0 | O92: =I92 -> 365900 | P92: =ROUND((O92*$G92),2) -> 365900
A93: 3.3 | E93: Dovela en muros con concreto fluido 3000 psi no incluye acero de refuerzo | F93: ML | G93: 1 | I93: =ANEXO1!Z92 -> 74391.88 | J93: =I93 -> 74391.88 | L93: ='ANEXO 2'!Q92 -> 0 | M93: =ROUND((L93*$G93),2) -> 0 | O93: =I93 -> 74391.88 | P93: =ROUND((O93*$G93),2) -> 74391.88
A94: 3.4 | E94: Dilatacion sobre concreto fundido en concreto con pulidora, espesor de 3 mm, profundidad de 2 a 3 cm (incluye cordon de polietileno, sellante para juntas, limpieza y retiro de residuos de construcción y polvo) | F94: ML | G94: 1 | I94: =ANEXO1!Z93 -> 34675.63 | J94: =I94 -> 34675.63 | L94: ='ANEXO 2'!Q93 -> 0 | M94: =ROUND((L94*$G94),2) -> 0 | O94: =I94 -> 34675.63 | P94: =ROUND((O94*$G94),2) -> 34675.63
A95: 3.5 | E95: Construcción de carcamo tipo alcancia en concreto de 3000 psi impermeabilizado, fundido en sitio, profundidad variable entre 0,40 mts y 0,60 mts y ancho de 0,40 mts a 0,50 mts (longitud Libres), incluye muros de 0,12 mts de espesor, placa de fondo de 0,12 mts de espesor, tapa con ranuras en la parte superior de concreto, formaletas, medias cañas, morteros de nivelación y acero de refuerzo | F95: ML | G95: 1 | I95: =ANEXO1!Z94 -> 680000 | J95: =I95 -> 680000 | L95: ='ANEXO 2'!Q94 -> 0 | M95: =ROUND((L95*$G95),2) -> 0 | O95: =I95 -> 680000 | P95: =ROUND((O95*$G95),2) -> 680000
A96: 3.6 | E96: Suministro e instalacion de rejilla metalica para carcamo entre 0,64 a 0,74 mts de ancho en angulo de 2''x1/4 con platina de 2''x3/8, inclye marco y contramarco. | F96: ML | G96: 1 | I96: =ANEXO1!Z95 -> 519246 | J96: =I96 -> 519246 | L96: ='ANEXO 2'!Q95 -> 0 | M96: =ROUND((L96*$G96),2) -> 0 | O96: =I96 -> 519246 | P96: =ROUND((O96*$G96),2) -> 519246
A97: 3.7 | E97: Suministro e instalacion de topellantas prefabricados en concreto de 0,25 mts por 0,60 mts de largo sin pintar, incluye suministro, transporte, mortero de pega, aditivos de pega y todos los demas elementos necesarios para su correcta instalacon y funcionamineto., | F97: UN | G97: 1 | I97: =ANEXO1!Z96 -> 127866.39 | J97: =I97 -> 127866.39 | L97: ='ANEXO 2'!Q96 -> 0 | M97: =ROUND((L97*$G97),2) -> 0 | O97: =I97 -> 127866.39 | P97: =ROUND((O97*$G97),2) -> 127866.39
A98: 3.8 | E98: Suministro e instalacion de acero figurado de refuerzo para elementos de concreto estructural | F98: Kg | G98: 1 | I98: =ANEXO1!Z97 -> 8500 | J98: =I98 -> 8500 | L98: ='ANEXO 2'!Q97 -> 0 | M98: =ROUND((L98*$G98),2) -> 0 | O98: =I98 -> 8500 | P98: =ROUND((O98*$G98),2) -> 8500
A99: 3.9 | E99: Suministro e instalacion de concreto hidraulico MR-40, incluye ensayos de laboratorio | F99: M3 | G99: 1 | I99: =ANEXO1!Z98 -> 680000 | J99: =I99 -> 680000 | L99: ='ANEXO 2'!Q98 -> 0 | M99: =ROUND((L99*$G99),2) -> 0 | O99: =I99 -> 680000 | P99: =ROUND((O99*$G99),2) -> 680000
A100: 3.1 | E100: Suministro e instalacion de barrera de vapor | F100: M2 | G100: 1 | I100: =ANEXO1!Z99 -> 11781.42 | J100: =I100 -> 11781.42 | L100: ='ANEXO 2'!Q99 -> 0 | M100: =ROUND((L100*$G100),2) -> 0 | O100: =I100 -> 11781.42 | P100: =ROUND((O100*$G100),2) -> 11781.42
A101: 3.11 | E101: Suministro e Instalacion de concreto de 3,500 PSI (24,5 Mpa) | F101: M3 | G101: 1 | I101: =ANEXO1!Z100 -> 593424 | J101: =I101 -> 593424 | L101: ='ANEXO 2'!Q100 -> 0 | M101: =ROUND((L101*$G101),2) -> 0 | O101: =I101 -> 593424 | P101: =ROUND((O101*$G101),2) -> 593424
A102: 3.12 | E102: Colocación de GROUTING en concreto de 17.5 Mpa., para relleno de muro no estructural (bloque, tolete o catalán). Incluye mano de obra, vibrado, protección, curado y todos demás elementos necesarios para su correcta construcción. No incluye refuerzo. | F102: M3 | G102: 1 | I102: =ANEXO1!Z101 -> 325289.25 | J102: =I102 -> 325289.25 | L102: ='ANEXO 2'!Q101 -> 0 | M102: =ROUND((L102*$G102),2) -> 0 | O102: =I102 -> 325289.25 | P102: =ROUND((O102*$G102),2) -> 325289.25
... A108: 3.18 | E108: Construcción de Juntas de Dilatación Para Pïso. | F108: ML | G108: 1 | I108: =ANEXO1!Z107 -> 19594.77 | J108: =I108 -> 19594.77 | L108: ='ANEXO 2'!Q107 -> 0 | M108: =ROUND((L108*$G108),2) -> 0 | O108: =I108 -> 19594.77 | P108: =ROUND((O108*$G108),2) -> 19594.77
A109: SUBTOTAL | M109: =ROUND(SUM(M91:M108),2) -> 0 | P109: =ROUND(SUM(P91:P108),2) -> 3936549.4
A110: 4 | E110: CUBIERTAS E IMPERMEABILIZACIONES
A111: 4.1 | E111: Suministro e instalación de sistema de impermeabilización en poliurea en frio, para tráfico pesado | F111: M2 | G111: 1 | I111: =ANEXO1!Z110 -> 209262.32 | J111: =I111 -> 209262.32 | L111: ='ANEXO 2'!Q110 -> 249001.6 | M111: =ROUND((L111*$G111),2) -> 249001.6 | O111: =I111 -> 209262.32 | P111: =ROUND((O111*$G111),2) -> 209262.32
A112: 4.2 | E112: Suministro e instalación de manto asfáltico 4 mm con alma central de polietileno de alta densidad sin foil | F112: M2 | G112: 1 | I112: =ANEXO1!Z111 -> 76941.93 | J112: =I112 -> 76941.93 | L112: ='ANEXO 2'!Q111 -> 110979.41 | M112: =ROUND((L112*$G112),2) -> 110979.41 | O112: =I112 -> 76941.93 | P112: =ROUND((O112*$G112),2) -> 76941.93
A113: 4.3 | E113: Destrocado de superficie para retiro de material bituminoso y exposición de placa | F113: M2 | G113: 1 | I113: =ANEXO1!Z112 -> 28001.49 | J113: =I113 -> 28001.49 | L113: ='ANEXO 2'!Q112 -> 29987.88 | M113: =ROUND((L113*$G113),2) -> 29987.88 | O113: =I113 -> 28001.49 | P113: =ROUND((O113*$G113),2) -> 28001.49
A114: 4.4 | E114: Sello de fisuras y discontinuidades | F114: ML | G114: 1 | I114: =ANEXO1!Z113 -> 18242.5 | J114: =I114 -> 18242.5 | L114: ='ANEXO 2'!Q113 -> 31139.73 | M114: =ROUND((L114*$G114),2) -> 31139.73 | O114: =I114 -> 18242.5 | P114: =ROUND((O114*$G114),2) -> 18242.5
A115: 4.5 | E115: Suministro e instalación de flanche en lámina galvanizada calibre 26 con desarrollo de 0.60 mts | F115: ML | G115: 1 | I115: =ANEXO1!Z114 -> 62223.52 | J115: =I115 -> 62223.52 | L115: ='ANEXO 2'!Q114 -> 117268.26 | M115: =ROUND((L115*$G115),2) -> 117268.26 | O115: =I115 -> 62223.52 | P115: =ROUND((O115*$G115),2) -> 62223.52
A116: 4.6 | E116: Suministro e instalación de flanche en lámina galvanizada calibre 26 con desarrollo de 0.30 mts | F116: ML | G116: 1 | I116: =ANEXO1!Z115 -> 46683.29 | J116: =I116 -> 46683.29 | L116: ='ANEXO 2'!Q115 -> 72847.66 | M116: =ROUND((L116*$G116),2) -> 72847.66 | O116: =I116 -> 46683.29 | P116: =ROUND((O116*$G116),2) -> 46683.29
A117: 4.7 | E117: Suministro y aplicación de boquilla con mortero 1:3 impermeabilizado | F117: M2 | G117: 1 | I117: =ANEXO1!Z116 -> 28732.74 | J117: =I117 -> 28732.74 | L117: ='ANEXO 2'!Q116 -> 32460.75 | M117: =ROUND((L117*$G117),2) -> 32460.75 | O117: =I117 -> 28732.74 | P117: =ROUND((O117*$G117),2) -> 28732.74
A118: 4.8 | E118: Suministro y aplicación de impermeabilizante al frio sikafill 300 thermic o similar | F118: M2 | G118: 1 | I118: =ANEXO1!Z117 -> 43498.62 | J118: =I118 -> 43498.62 | L118: ='ANEXO 2'!Q117 -> 77099.07 | M118: =ROUND((L118*$G118),2) -> 77099.07 | O118: =I118 -> 43498.62 | P118: =ROUND((O118*$G118),2) -> 43498.62
A119: 4.9 | E119: Suministro y aplicación de poliuretano elastomerico en goteros, uniones de concreto | F119: ML | G119: 1 | I119: =ANEXO1!Z118 -> 38123.78 | J119: =I119 -> 38123.78 | L119: ='ANEXO 2'!Q118 -> 45363.56 | M119: =ROUND((L119*$G119),2) -> 45363.56 | O119: =I119 -> 38123.78 | P119: =ROUND((O119*$G119),2) -> 38123.78
A120: 4.1 | E120: Lavado e impermeabilizacion con hidrofugo muro y/o fachada en diferentes materiales, bloque de concreto abujardado, diferentes tipo de ladrillo, marmol incluye sellamiento de fisuras con Sika transparente 10 o similar | F120: M2 | G120: 1 | I120: =ANEXO1!Z119 -> 48762.61 | J120: =I120 -> 48762.61 | L120: ='ANEXO 2'!Q119 -> 0 | M120: =ROUND((L120*$G120),2) -> 0 | O120: =I120 -> 48762.61 | P120: =ROUND((O120*$G120),2) -> 48762.61
A121: 4.11 | E121: Suministro e instalación de membrana en PVC de 1200 micras, reforzada con poliéster antideslizante, resistente a rayos UV. Incluye remates necesarios para su instalación y correcto funcionamiento | F121: M2 | G121: 1 | I121: =ANEXO1!Z120 -> 217738.95 | J121: =I121 -> 217738.95 | L121: ='ANEXO 2'!Q120 -> 240150.14 | M121: =ROUND((L121*$G121),2) -> 240150.14 | O121: =I121 -> 217738.95 | P121: =ROUND((O121*$G121),2) -> 217738.95
A122: 4.12 | E122: Suministro e instalación de membrana en PVC de 1500 micras, reforzada con poliéster antideslizante, resistente a rayos UV. Incluye remates necesarios para su instalación y correcto funcionamiento | F122: M2 | G122: 1 | I122: =ANEXO1!Z121 -> 334770.59 | J122: =I122 -> 334770.59 | L122: ='ANEXO 2'!Q121 -> 490944.99 | M122: =ROUND((L122*$G122),2) -> 490944.99 | O122: =I122 -> 334770.59 | P122: =ROUND((O122*$G122),2) -> 334770.59
... A128: 4.18 | E128: Suministro, transporte e instalación de cubierta en paneles tipo Metecno o equivalente, Ref: Monoroof A-42 P/1000 G-4 (conformado de acero galvanizado prepintado cal 28 en cara externa y una cara con acabado en vinilo. | F128: M2 | G128: 1 | I128: =ANEXO1!Z127 -> 296792.4 | J128: =I128 -> 296792.4 | L128: ='ANEXO 2'!Q127 -> 0 | M128: =ROUND((L128*$G128),2) -> 0 | O128: =I128 -> 296792.4 | P128: =ROUND((O128*$G128),2) -> 296792.4
A129: SUBTOTAL | M129: =ROUND(SUM(M111:M128),2) -> 1497243.1 | P129: =ROUND(SUM(P111:P128),2) -> 2184369.6
A130: 5 | E130: CARPINTERIA METALICA Y MADERA
A131: 5.1 | E131: Suministro e instalación de bisagra hidráulica | F131: UN | G131: 1 | I131: =ANEXO1!Z130 -> 944529.49 | J131: =I131 -> 944529.49 | L131: ='ANEXO 2'!Q130 -> 1123897.3 | M131: =ROUND((L131*$G131),2) -> 1123897.3 | O131: =I131 -> 944529.49 | P131: =ROUND((O131*$G131),2) -> 944529.49
A132: 5.2 | E132: Puntos de anclaje | F132: UN | G132: 1 | I132: =ANEXO1!Z131 -> 368031.67 | J132: =I132 -> 368031.67 | L132: ='ANEXO 2'!Q131 -> 437921.54 | M132: =ROUND((L132*$G132),2) -> 437921.54 | O132: =I132 -> 368031.67 | P132: =ROUND((O132*$G132),2) -> 368031.67
A133: 5.3 | E133: Suministro e instalación de puerta y marco en madera de .80 a .1,00 x 2.20 | F133: UN | G133: 1 | I133: =ANEXO1!Z132 -> 858742.63 | J133: =I133 -> 858742.63 | L133: ='ANEXO 2'!Q132 -> 1021819.4 | M133: =ROUND((L133*$G133),2) -> 1021819.4 | O133: =I133 -> 858742.63 | P133: =ROUND((O133*$G133),2) -> 858742.63
...

Sheet ANEXO 4
A2: 4 ANEXO PRESUPUESTO TOTAL ASIGNADO
B3: REALIZAR LAS OBRAS DE MANTENIMIENTO, ADECUACIÓN, REMODELACIÓN Y MEJORAMIENTO DE LA INFRAESTRUCTURA FÍSICA, INCLUYENDO REDES ELÉCTRICAS, HIDRÁULICAS Y DEMÁS INSTALACIONES TÉCNICAS ASOCIADAS, EN SEDES DEL NIVEL CENTRAL DE LA FISCALÍA GENERAL DE LA NACIÓN – FASE V, BAJO LA MODALIDAD DE PRECIOS UNITARIOS SIN FÓRMULA DE REAJUSTE.”
A6: Nº | B6: ÍTEM DE PAGO | C6: ESPECIFICACIONES | E6: DESCRIPCIÓN | F6: UND. | G6: CANTIDAD | I6: ANALISIS COTIZACIONES | L6: ANALISIS HISTORICOS | O6: PRESUPUESTO TOTAL ASIGNADO
I7: VALOR UNITARIO CON IVA Y CON AIU | L7: VALOR UNITARIO CON IVA Y CON AIU | O7: VALOR UNITARIO CON IVA Y CON AIU
I8: VALOR UNITARIO | J8: VALOR TOTAL | L8: VALOR UNITARIO | M8: VALOR TOTAL | O8: VALOR UNITARIO | P8: VALOR TOTAL
C9: GENERAL | D9: PARTICULAR
E10: PRELIMINARES
A11: 1.1 | E11: Demolición muros en mampostería | F11: M2 | G11: 1 | I11: =ANEXO1!Z10 -> 38914.31 | J11: =I11 -> 38914.31 | L11: ='ANEXO 2'!Q10 -> 40320.71 | M11: =ROUND((L11*$G11),2) -> 40320.71 | O11: =I11 -> 38914.31 | P11: =ROUND((O11*$G11),2) -> 38914.31
A12: 1.2 | E12: Desmonte de manto asfaltico existente | F12: M2 | G12: 1 | I12: =ANEXO1!Z11 -> 21228.03 | J12: =I12 -> 21228.03 | L12: ='ANEXO 2'!Q11 -> 22934.07 | M12: =ROUND((L12*$G12),2) -> 22934.07 | O12: =I12 -> 21228.03 | P12: =ROUND((O12*$G12),2) -> 21228.03
A13: 1.3 | E13: Demolición de mortero de nivelación existente | F13: M2 | G13: 1 | I13: =ANEXO1!Z12 -> 21672.27 | J13: =I13 -> 21672.27 | L13: ='ANEXO 2'!Q12 -> 22656.03 | M13: =ROUND((L13*$G13),2) -> 22656.03 | O13: =I13 -> 21672.27 | P13: =ROUND((O13*$G13),2) -> 21672.27
A14: 1.4 | E14: Demolición de medias cañas | F14: ML | G14: 1 | I14: =ANEXO1!Z13 -> 12289.53 | J14: =I14 -> 12289.53 | L14: ='ANEXO 2'!Q13 -> 16995.34 | M14: =ROUND((L14*$G14),2) -> 16995.34 | O14: =I14 -> 12289.53 | P14: =ROUND((O14*$G14),2) -> 12289.53
A15: 1.5 | E15: Desmonte de domos acrílicos | F15: UN | G15: 1 | I15: =ANEXO1!Z14 -> 16158.44 | J15: =I15 -> 16158.44 | L15: ='ANEXO 2'!Q14 -> 19226.96 | M15: =ROUND((L15*$G15),2) -> 19226.96 | O15: =I15 -> 16158.44 | P15: =ROUND((O15*$G15),2) -> 16158.44
A16: 1.6 | E16: Desmonte de flanches galvanizados desde 0.20 cm hasta 0.80 cm (incluye disposición final) | F16: ML | G16: 1 | I16: =ANEXO1!Z15 -> 13003.36 | J16: =I16 -> 13003.36 | L16: ='ANEXO 2'!Q15 -> 0 | M16: =ROUND((L16*$G16),2) -> 0 | O16: =I16 -> 13003.36 | P16: =ROUND((O16*$G16),2) -> 13003.36
A17: 1.7 | E17: Desmonte de equipos de extracción | F17: UN | G17: 1 | I17: =ANEXO1!Z16 -> 125322.8 | J17: =I17 -> 125322.8 | L17: ='ANEXO 2'!Q16 -> 269011.17 | M17: =ROUND((L17*$G17),2) -> 269011.17 | O17: =I17 -> 125322.8 | P17: =ROUND((O17*$G17),2) -> 125322.8
A18: 1.8 | E18: Desmonte y retiro de tapete / alfombra existente incluye disposición final el sitio autorizado | F18: M2 | G18: 1 | I18: =ANEXO1!Z17 -> 22253.4 | J18: =I18 -> 22253.4 | L18: ='ANEXO 2'!Q17 -> 0 | M18: =ROUND((L18*$G18),2) -> 0 | O18: =I18 -> 22253.4 | P18: =ROUND((O18*$G18),2) -> 22253.4
A19: 1.9 | E19: Demolición de piso existente | F19: M2 | G19: 1 | I19: =ANEXO1!Z18 -> 18167.42 | J19: =I19 -> 18167.42 | L19: ='ANEXO 2'!Q18 -> 20186.1 | M19: =ROUND((L19*$G19),2) -> 20186.1 | O19: =I19 -> 18167.42 | P19: =ROUND((O19*$G19),2) -> 18167.42
A20: 1.1 | E20: Desmonte de guarda escoba | F20: ML | G20: 1 | I20: =ANEXO1!Z19 -> 7147.8 | J20: =I20 -> 7147.8 | L20: ='ANEXO 2'!Q19 -> 6559.53 | M20: =ROUND((L20*$G20),2) -> 6559.53 | O20: =ROUND(AVERAGE(I20,L20),2) -> 6853.67 | P20: =ROUND((O20*$G20),2) -> 6853.67
A21: 1.11 | E21: Demolición muros en Dry wall | F21: M2 | G21: 1 | I21: =ANEXO1!Z20 -> 20458.31 | J21: =I21 -> 20458.31 | L21: ='ANEXO 2'!Q20 -> 21986.7 | M21: =ROUND((L21*$G21),2) -> 21986.7 | O21: =I21 -> 20458.31 | P21: =ROUND((O21*$G21),2) -> 20458.31
A22: 1.12 | E22: Demolición de cielo raso | F22: M2 | G22: 1 | I22: =ANEXO1!Z21 -> 16964.51 | J22: =I22 -> 16964.51 | L22: ='ANEXO 2'!Q21 -> 20186.1 | M22: =ROUND((L22*$G22),2) -> 20186.1 | O22: =I22 -> 16964.51 | P22: =ROUND((O22*$G22),2) -> 16964.51
A23: 1.13 | E23: Desmonte de marcos y puertas | F23: UN | G23: 1 | I23: =ANEXO1!Z22 -> 29540.12 | J23: =I23 -> 29540.12 | L23: ='ANEXO 2'!Q22 -> 29674.54 | M23: =ROUND((L23*$G23),2) -> 29674.54 | O23: =I23 -> 29540.12 | P23: =ROUND((O23*$G23),2) -> 29540.12
A24: 1.14 | E24: Regata instalación sanitaria | F24: ML | G24: 1 | I24: =ANEXO1!Z23 -> 17567.82 | J24: =I24 -> 17567.82 | L24: ='ANEXO 2'!Q23 -> 20903.98 | M24: =ROUND((L24*$G24),2) -> 20903.98 | O24: =I24 -> 17567.82 | P24: =ROUND((O24*$G24),2) -> 17567.82
A25: 1.15 | E25: Sellamiento punto hidráulico | F25: UN | G25: 1 | I25: =ANEXO1!Z24 -> 15109.41 | J25: =I25 -> 15109.41 | L25: ='ANEXO 2'!Q24 -> 25496.68 | M25: =ROUND((L25*$G25),2) -> 25496.68 | O25: =I25 -> 15109.41 | P25: =ROUND((O25*$G25),2) -> 15109.41
A26: 1.16 | E26: Sellamiento punto sanitario | F26: UN | G26: 1 | I26: =ANEXO1!Z25 -> 25370.11 | J26: =I26 -> 25370.11 | L26: ='ANEXO 2'!Q25 -> 30187.94 | M26: =ROUND((L26*$G26),2) -> 30187.94 | O26: =I26 -> 25370.11 | P26: =ROUND((O26*$G26),2) -> 25370.11
A27: 1.17 | E27: Desmonte de puesto de trabajo | F27: UN | G27: 1 | I27: =ANEXO1!Z26 -> 31152.29 | J27: =I27 -> 31152.29 | L27: ='ANEXO 2'!Q26 -> 37068.16 | M27: =ROUND((L27*$G27),2) -> 37068.16 | O27: =I27 -> 31152.29 | P27: =ROUND((O27*$G27),2) -> 31152.29
A28: 1.18 | E28: Montaje de puesto de trabajo | F28: UN | G28: 1 | I28: =ANEXO1!Z27 -> 35045.4 | J28: =I28 -> 35045.4 | L28: ='ANEXO 2'!Q27 -> 41700.58 | M28: =ROUND((L28*$G28),2) -> 41700.58 | O28: =I28 -> 35045.4 | P28: =ROUND((O28*$G28),2) -> 35045.4
A29: 1.19 | E29: Desmonte de divisiones de oficina abierta | F29: M2 | G29: 1 | I29: =ANEXO1!Z28 -> 48762.61 | J29: =I29 -> 48762.61 | L29: ='ANEXO 2'!Q28 -> 49963.61 | M29: =ROUND((L29*$G29),2) -> 49963.61 | O29: =I29 -> 48762.61 | P29: =ROUND((O29*$G29),2) -> 48762.61
A30: 1.2 | E30: Desmonte de unidades de archivo rodante | F30: UN | G30: 1 | I30: =ANEXO1!Z29 -> 73987.61 | J30: =I30 -> 73987.61 | L30: ='ANEXO 2'!Q29 -> 88037.99 | M30: =ROUND((L30*$G30),2) -> 88037.99 | O30: =I30 -> 73987.61 | P30: =ROUND((O30*$G30),2) -> 73987.61
A31: 1.21 | E31: Montaje de unidades de archivo rodante | F31: UN | G31: 1 | I31: =ANEXO1!Z30 -> 70600.15 | J31: =I31 -> 70600.15 | L31: ='ANEXO 2'!Q30 -> 84007.24 | M31: =ROUND((L31*$G31),2) -> 84007.24 | O31: =I31 -> 70600.15 | P31: =ROUND((O31*$G31),2) -> 70600.15
A32: 1.22 | E32: Desmonte de Sanitario | F32: UN | G32: 1 | I32: =ANEXO1!Z31 -> 47643.4 | J32: =I32 -> 47643.4 | L32: ='ANEXO 2'!Q31 -> 50229.88 | M32: =ROUND((L32*$G32),2) -> 50229.88 | O32: =I32 -> 47643.4 | P32: =ROUND((O32*$G32),2) -> 47643.4
... A36: 1.26 | E36: Demolición de mesón | F36: ML | G36: 1 | I36: =ANEXO1!Z35 -> 41488.04 | J36: =I36 -> 41488.04 | L36: ='ANEXO 2'!Q35 -> 42024.22 | M36: =ROUND((L36*$G36),2) -> 42024.22 | O36: =I36 -> 41488.04 | P36: =ROUND((O36*$G36),2) -> 41488.04
A37: 1.27 | E37: Demolición de enchape | F37: M2 | G37: 1 | I37: =ANEXO1!Z36 -> 20934.7 | J37: =I37 -> 20934.7 | L37: ='ANEXO 2'!Q36 -> 18170.73 | M37: =ROUND((L37*$G37),2) -> 18170.73 | O37: =ROUND(AVERAGE(I37,L37),2) -> 19552.72 | P37: =ROUND((O37*$G37),2) -> 19552.72
A38: 1.28 | E38: Demolición de pisos baños | F38: M2 | G38: 1 | I38: =ANEXO1!Z37 -> 18480.34 | J38: =I38 -> 18480.34 | L38: ='ANEXO 2'!Q37 -> 14276.79 | M38: =ROUND((L38*$G38),2) -> 14276.79 | O38: =ROUND(AVERAGE(I38,L38),2) -> 16378.57 | P38: =ROUND((O38*$G38),2) -> 16378.57
A39: 1.29 | E39: Desmonte y retiro de piso vinílico | F39: M2 | G39: 1 | I39: =ANEXO1!Z38 -> 16544.77 | J39: =I39 -> 16544.77 | L39: ='ANEXO 2'!Q38 -> 14422.42 | M39: =ROUND((L39*$G39),2) -> 14422.42 | O39: =ROUND(AVERAGE(I39,L39),2) -> 15483.6 | P39: =ROUND((O39*$G39),2) -> 15483.6
A40: 1.3 | E40: Desmonte de puertas en vidrio y fijos en vidrio templado | F40: M2 | G40: 1 | I40: =ANEXO1!Z39 -> 17879.37 | J40: =I40 -> 17879.37 | L40: ='ANEXO 2'!Q39 -> 21274.69 | M40: =ROUND((L40*$G40),2) -> 21274.69 | O40: =I40 -> 17879.37 | P40: =ROUND((O40*$G40),2) -> 17879.37
A41: 1.31 | E41: Desmonte de secador de manos | F41: UN | G41: 1 | I41: =ANEXO1!Z40 -> 23604.68 | J41: =I41 -> 23604.68 | L41: ='ANEXO 2'!Q40 -> 28087.25 | M41: =ROUND((L41*$G41),2) -> 28087.25 | O41: =I41 -> 23604.68 | P41: =ROUND((O41*$G41),2) -> 23604.68
A42: 1.32 | E42: Cerramiento provisional (poli sombra y parales de madera) | F42: M2 | G42: 1 | I42: =ANEXO1!Z41 -> 26574.27 | J42: =I42 -> 26574.27 | L42: ='ANEXO 2'!Q41 -> 31620.77 | M42: =ROUND((L42*$G42),2) -> 31620.77 | O42: =I42 -> 26574.27 | P42: =ROUND((O42*$G42),2) -> 26574.27
A43: 1.33 | E43: localización y replanteo | F43: M2 | G43: 1 | I43: =ANEXO1!Z42 -> 5325.26 | J43: =I43 -> 5325.26 | L43: ='ANEXO 2'!Q42 -> 4482.37 | M43: =ROUND((L43*$G43),2) -> 4482.37 | O43: =ROUND(AVERAGE(I43,L43),2) -> 4903.82 | P43: =ROUND((O43*$G43),2) -> 4903.82
A44: 1.34 | E44: Desmonte de muebles de cocina | F44: ML | G44: 1 | I44: =ANEXO1!Z43 -> 56472.33 | J44: =I44 -> 56472.33 | L44: ='ANEXO 2'!Q43 -> 87134.75 | M44: =ROUND((L44*$G44),2) -> 87134.75 | O44: =I44 -> 56472.33 | P44: =ROUND((O44*$G44),2) -> 56472.33
A45: 1.35 | E45: Desmonte de parlantes | F45: UN | G45: 1 | I45: =ANEXO1!Z44 -> 23903.9 | J45: =I45 -> 23903.9 | L45: ='ANEXO 2'!Q44 -> 31216.22 | M45: =ROUND((L45*$G45),2) -> 31216.22 | O45: =I45 -> 23903.9 | P45: =ROUND((O45*$G45),2) -> 23903.9
A46: 1.36 | E46: Desmonte de detectores de humo | F46: UN | G46: 1 | I46: =ANEXO1!Z45 -> 15252.99 | J46: =I46 -> 15252.99 | L46: ='ANEXO 2'!Q45 -> 13454.46 | M46: =ROUND((L46*$G46),2) -> 13454.46 | O46: =ROUND(AVERAGE(I46,L46),2) -> 14353.73 | P46: =ROUND((O46*$G46),2) -> 14353.73
A47: 1.37 | E47: Desmonte de salida de voz y datos | F47: UN | G47: 1 | I47: =ANEXO1!Z46 -> 15680.44 | J47: =I47 -> 15680.44 | L47: ='ANEXO 2'!Q46 -> 14132.62 | M47: =ROUND((L47*$G47),2) -> 14132.62 | O47: =ROUND(AVERAGE(I47,L47),2) -> 14906.53 | P47: =ROUND((O47*$G47),2) -> 14906.53
A48: 1.38 | E48: Desmonte de salida eléctrica normal y regulada | F48: UN | G48: 1 | I48: =ANEXO1!Z47 -> 16035.57 | J48: =I48 -> 16035.57 | L48: ='ANEXO 2'!Q47 -> 14696.04 | M48: =ROUND((L48*$G48),2) -> 14696.04 | O48: =ROUND(AVERAGE(I48,L48),2) -> 15365.81 | P48: =ROUND((O48*$G48),2) -> 15365.81
A49: 1.39 | E49: Desmonte y Retiro de canaleta metalica, incluye la totalidad del cableado electrico de corriente normal y regulada y la totalidad del cableado UTP de la red lógica datos instalados. | F49: ML | G49: 1 | I49: =ANEXO1!Z48 -> 27090.34 | J49: =I49 -> 27090.34 | L49: ='ANEXO 2'!Q48 -> 0 | M49: =ROUND((L49*$G49),2) -> 0 | O49: =I49 -> 27090.34 | P49: =ROUND((O49*$G49),2) -> 27090.34
A50: 1.4 | E50: Demolición de pañete | F50: M2 | G50: 1 | I50: =ANEXO1!Z49 -> 16011.36 | J50: =I50 -> 16011.36 | L50: ='ANEXO 2'!Q49 -> 24458.1 | M50: =ROUND((L50*$G50),2) -> 24458.1 | O50: =I50 -> 16011.36 | P50: =ROUND((O50*$G50),2) -> 16011.36
A51: 1.41 | E51: Demolición de poyo | F51: M2 | G51: 1 | I51: =ANEXO1!Z50 -> 30414.56 | J51: =I51 -> 30414.56 | L51: ='ANEXO 2'!Q50 -> 34657.07 | M51: =ROUND((L51*$G51),2) -> 34657.07 | O51: =I51 -> 30414.56 | P51: =ROUND((O51*$G51),2) -> 30414.56
A52: 1.42 | E52: Demolición de placa | F52: M2 | G52: 1 | I52: =ANEXO1!Z51 -> 67112.53 | J52: =I52 -> 67112.53 | L52: ='ANEXO 2'!Q51 -> 104650.84 | M52: =ROUND((L52*$G52),2) -> 104650.84 | O52: =I52 -> 67112.53 | P52: =ROUND((O52*$G52),2) -> 67112.53
A53: 1.43 | E53: Desmonte de ventanas | F53: UN | G53: 1 | I53: =ANEXO1!Z52 -> 32711.26 | J53: =I53 -> 32711.26 | L53: ='ANEXO 2'!Q52 -> 38923.19 | M53: =ROUND((L53*$G53),2) -> 38923.19 | O53: =I53 -> 32711.26 | P53: =ROUND((O53*$G53),2) -> 32711.26
A54: 1.44 | E54: Desmonte de estanteria metalica incluye trasiego a punto de acopio | F54: UN | G54: 1 | I54: =ANEXO1!Z53 -> 81336.34 | J54: =I54 -> 81336.34 | L54: ='ANEXO 2'!Q53 -> 0 | M54: =ROUND((L54*$G54),2) -> 0 | O54: =I54 -> 81336.34 | P54: =ROUND((O54*$G54),2) -> 81336.34
A55: 1.45 | E55: Desmonte de cortinas tipo black out, solar screen en diferentes longitudes | F55: UN | G55: 1 | I55: =ANEXO1!Z54 -> 38462.3 | J55: =I55 -> 38462.3 | L55: ='ANEXO 2'!Q54 -> 0 | M55: =ROUND((L55*$G55),2) -> 0 | O55: =I55 -> 38462.3 | P55: =ROUND((O55*$G55),2) -> 38462.3
A56: 1.46 | E56: Retiro y limpieza de película sand-blasting | F56: M2 | G56: 1 | I56: =ANEXO1!Z55 -> 15058.64 | J56: =I56 -> 15058.64 | L56: ='ANEXO 2'!Q55 -> 0 | M56: =ROUND((L56*$G56),2) -> 0 | O56: =I56 -> 15058.64 | P56: =ROUND((O56*$G56),2) -> 15058.64
A57: 1.47 | E57: Regata para tubería eléctrica, de agua o telecomunicaciones | F57: ML | G57: 1 | I57: =ANEXO1!Z56 -> 19568.99 | J57: =I57 -> 19568.99 | L57: ='ANEXO 2'!Q56 -> 0 | M57: =ROUND((L57*$G57),2) -> 0 | O57: =I57 -> 19568.99 | P57: =ROUND((O57*$G57),2) -> 19568.99
A58: 1.48 | E58: Demolición y trasiego de placas prefabricadas en concreto | F58: UN | G58: 1 | I58: =ANEXO1!Z57 -> 73660.61 | J58: =I58 -> 73660.61 | L58: ='ANEXO 2'!Q57 -> 122372.89 | M58: =ROUND((L58*$G58),2) -> 122372.89 | O58: =I58 -> 73660.61 | P58: =ROUND((O58*$G58),2) -> 73660.61
A59: 1.49 | E59: Demolición y trasiego de soportes de placas prefabricadas en concreto | F59: UN | G59: 1 | I59: =ANEXO1!Z58 -> 48400.01 | J59: =I59 -> 48400.01 | L59: ='ANEXO 2'!Q58 -> 51430.27 | M59: =ROUND((L59*$G59),2) -> 51430.27 | O59: =I59 -> 48400.01 | P59: =ROUND((O59*$G59),2) -> 48400.01
A60: 1.5 | E60: Excavación manual en material común, (incluye enlonado, trasiego vertical y horizontal a punto de acopio, cargue y retiro de residuos a sitios de disposicion final autorizados) | F60: M3 | G60: 1 | I60: =ANEXO1!Z59 -> 164100.28 | J60: =I60 -> 164100.28 | L60: ='ANEXO 2'!Q59 -> 0 | M60: =ROUND((L60*$G60),2) -> 0 | O60: =I60 -> 164100.28 | P60: =ROUND((O60*$G60),2) -> 164100.28
... A78: 1.68 | E78: Construcción de ENTIBADO TEMPORAL en tablón de madera (6 usos), bajo cualquier altura y grado de humedad. Incluye suministro, transporte y colocación de elementos en madera, el cargue, transporte interno y externo y botada de material sobrantes en los sitios donde lo indique la interventoría y su medida será en el sitio, su forma de pago se hará por el área que se encuentre en contacto con la tierra. | F78: M2 | G78: 1 | I78: =ANEXO1!Z77 -> 106194.12 | J78: =I78 -> 106194.12 | L78: ='ANEXO 2'!Q77 -> 0 | M78: =ROUND((L78*$G78),2) -> 0 | O78: =I78 -> 106194.12 | P78: =ROUND((O78*$G78),2) -> 106194.12
A79: SUBTOTAL | M79: =ROUND(SUM(M11:M78),2) -> 1834794.6 | P79: =ROUND(SUM(P11:P78),2) -> 2820669.7
E80: MUROS, PAÑETES Y MAMPOSTERIA
A81: 2.1 | E81: Muro en Dry wall doble cara de 0.12 (insonorizado con frescasa) | F81: M2 | G81: 1 | I81: =ANEXO1!Z80 -> 133675.88 | J81: =I81 -> 133675.88 | L81: ='ANEXO 2'!Q80 -> 143188.61 | M81: =ROUND((L81*$G81),2) -> 143188.61 | O81: =I81 -> 133675.88 | P81: =ROUND((O81*$G81),2) -> 133675.88
A82: 2.2 | E82: Dintel en Dry wall reforzado con madera (insonorizado con frescasa) | F82: ML | G82: 1 | I82: =ANEXO1!Z81 -> 58736.61 | J82: =I82 -> 58736.61 | L82: ='ANEXO 2'!Q81 -> 0 | M82: =ROUND((L82*$G82),2) -> 0 | O82: =I82 -> 58736.61 | P82: =ROUND((O82*$G82),2) -> 58736.61
A83: 2.3 | E83: Muros en mampostería bloque No.5 | F83: M2 | G83: 1 | I83: =ANEXO1!Z82 -> 86391.71 | J83: =I83 -> 86391.71 | L83: ='ANEXO 2'!Q82 -> 88118.9 | M83: =ROUND((L83*$G83),2) -> 88118.9 | O83: =I83 -> 86391.71 | P83: =ROUND((O83*$G83),2) -> 86391.71
A84: 2.4 | E84: Suministro y aplicación de pañete impermeabilizado 1:3 | F84: M2 | G84: 1 | I84: =ANEXO1!Z83 -> 41089.47 | J84: =I84 -> 41089.47 | L84: ='ANEXO 2'!Q83 -> 45849.01 | M84: =ROUND((L84*$G84),2) -> 45849.01 | O84: =I84 -> 41089.47 | P84: =ROUND((O84*$G84),2) -> 41089.47
A85: 2.5 | E85: Pañetes caras lineales | F85: ML | G85: 1 | I85: =ANEXO1!Z84 -> 16467.44 | J85: =I85 -> 16467.44 | L85: ='ANEXO 2'!Q84 -> 0 | M85: =ROUND((L85*$G85),2) -> 0 | O85: =I85 -> 16467.44 | P85: =ROUND((O85*$G85),2) -> 16467.44
A86: 2.6 | E86: Suministro y aplicación de pañete, mortero 1:4 | F86: M2 | G86: 1 | I86: =ANEXO1!Z85 -> 23006.26 | J86: =I86 -> 23006.26 | L86: ='ANEXO 2'!Q85 -> 39873.5 | M86: =ROUND((L86*$G86),2) -> 39873.5 | O86: =I86 -> 23006.26 | P86: =ROUND((O86*$G86),2) -> 23006.26
A87: 2.7 | B87: ` | E87: Suministro e instalación de muro en Superboard doble cara de 0.12 | F87: M2 | G87: 1 | I87: =ANEXO1!Z86 -> 150552.91 | J87: =I87 -> 150552.91 | L87: ='ANEXO 2'!Q86 -> 0 | M87: =ROUND((L87*$G87),2) -> 0 | O87: =I87 -> 150552.91 | P87: =ROUND((O87*$G87),2) -> 150552.91
A88: 2.8 | E88: Suministro e instalación de fachaleta en concreto abujardado. incluye cortes y trasiegos internos | F88: M2 | G88: 1 | I88: =ANEXO1!Z87 -> 153308.62 | J88: =I88 -> 153308.62 | L88: ='ANEXO 2'!Q87 -> 0 | M88: =ROUND((L88*$G88),2) -> 0 | O88: =I88 -> 153308.62 | P88: =ROUND((O88*$G88),2) -> 153308.62
A89: SUBTOTAL | M89: =ROUND(SUM(M81:M88),2) -> 317030.02 | P89: =ROUND(SUM(P81:P88),2) -> 663228.9
A90: 3 | E90: ESTRUCTURAS EN CONCRETO Y ESTRUCTURAS METALICAS
A91: 3.1 | E91: Placas en concreto de 10 cms de espesor, incluye refuerzo | F91: M2 | G91: 1 | I91: =ANEXO1!Z90 -> 150000 | J91: =I91 -> 150000 | L91: ='ANEXO 2'!Q90 -> 0 | M91: =ROUND((L91*$G91),2) -> 0 | O91: =I91 -> 150000 | P91: =ROUND((O91*$G91),2) -> 150000
A92: 3.2 | E92: Suministro e instalación de placas de concreto con acabado en granito 60x120 cm incluye pedestales de soporte en concreto | F92: UN | G92: 1 | I92: =ANEXO1!Z91 -> 365900 | J92: =I92 -> 365900 | L92: ='ANEXO 2'!Q91 -> 0 | M92: =ROUND((L92*$G92),2) -> 0 | O92: =I92 -> 365900 | P92: =ROUND((O92*$G92),2) -> 365900
A93: 3.3 | E93: Dovela en muros con concreto fluido 3000 psi no incluye acero de refuerzo | F93: ML | G93: 1 | I93: =ANEXO1!Z92 -> 74391.88 | J93: =I93 -> 74391.88 | L93: ='ANEXO 2'!Q92 -> 0 | M93: =ROUND((L93*$G93),2) -> 0 | O93: =I93 -> 74391.88 | P93: =ROUND((O93*$G93),2) -> 74391.88
A94: 3.4 | E94: Dilatacion sobre concreto fundido en concreto con pulidora, espesor de 3 mm, profundidad de 2 a 3 cm (incluye cordon de polietileno, sellante para juntas, limpieza y retiro de residuos de construcción y polvo) | F94: ML | G94: 1 | I94: =ANEXO1!Z93 -> 34675.63 | J94: =I94 -> 34675.63 | L94: ='ANEXO 2'!Q93 -> 0 | M94: =ROUND((L94*$G94),2) -> 0 | O94: =I94 -> 34675.63 | P94: =ROUND((O94*$G94),2) -> 34675.63
A95: 3.5 | E95: Construcción de carcamo tipo alcancia en concreto de 3000 psi impermeabilizado, fundido en sitio, profundidad variable entre 0,40 mts y 0,60 mts y ancho de 0,40 mts a 0,50 mts (longitud Libres), incluye muros de 0,12 mts de espesor, placa de fondo de 0,12 mts de espesor, tapa con ranuras en la parte superior de concreto, formaletas, medias cañas, morteros de nivelación y acero de refuerzo | F95: ML | G95: 1 | I95: =ANEXO1!Z94 -> 680000 | J95: =I95 -> 680000 | L95: ='ANEXO 2'!Q94 -> 0 | M95: =ROUND((L95*$G95),2) -> 0 | O95: =I95 -> 680000 | P95: =ROUND((O95*$G95),2) -> 680000
A96: 3.6 | E96: Suministro e instalacion de rejilla metalica para carcamo entre 0,64 a 0,74 mts de ancho en angulo de 2''x1/4 con platina de 2''x3/8, inclye marco y contramarco. | F96: ML | G96: 1 | I96: =ANEXO1!Z95 -> 519246 | J96: =I96 -> 519246 | L96: ='ANEXO 2'!Q95 -> 0 | M96: =ROUND((L96*$G96),2) -> 0 | O96: =I96 -> 519246 | P96: =ROUND((O96*$G96),2) -> 519246
A97: 3.7 | E97: Suministro e instalacion de topellantas prefabricados en concreto de 0,25 mts por 0,60 mts de largo sin pintar, incluye suministro, transporte, mortero de pega, aditivos de pega y todos los demas elementos necesarios para su correcta instalacon y funcionamineto., | F97: UN | G97: 1 | I97: =ANEXO1!Z96 -> 127866.39 | J97: =I97 -> 127866.39 | L97: ='ANEXO 2'!Q96 -> 0 | M97: =ROUND((L97*$G97),2) -> 0 | O97: =I97 -> 127866.39 | P97: =ROUND((O97*$G97),2) -> 127866.39
A98: 3.8 | E98: Suministro e instalacion de acero figurado de refuerzo para elementos de concreto estructural | F98: Kg | G98: 1 | I98: =ANEXO1!Z97 -> 8500 | J98: =I98 -> 8500 | L98: ='ANEXO 2'!Q97 -> 0 | M98: =ROUND((L98*$G98),2) -> 0 | O98: =I98 -> 8500 | P98: =ROUND((O98*$G98),2) -> 8500
A99: 3.9 | E99: Suministro e instalacion de concreto hidraulico MR-40, incluye ensayos de laboratorio | F99: M3 | G99: 1 | I99: =ANEXO1!Z98 -> 680000 | J99: =I99 -> 680000 | L99: ='ANEXO 2'!Q98 -> 0 | M99: =ROUND((L99*$G99),2) -> 0 | O99: =I99 -> 680000 | P99: =ROUND((O99*$G99),2) -> 680000
A100: 3.1 | E100: Suministro e instalacion de barrera de vapor | F100: M2 | G100: 1 | I100: =ANEXO1!Z99 -> 11781.42 | J100: =I100 -> 11781.42 | L100: ='ANEXO 2'!Q99 -> 0 | M100: =ROUND((L100*$G100),2) -> 0 | O100: =I100 -> 11781.42 | P100: =ROUND((O100*$G100),2) -> 11781.42
A101: 3.11 | E101: Suministro e Instalacion de concreto de 3,500 PSI (24,5 Mpa) | F101: M3 | G101: 1 | I101: =ANEXO1!Z100 -> 593424 | J101: =I101 -> 593424 | L101: ='ANEXO 2'!Q100 -> 0 | M101: =ROUND((L101*$G101),2) -> 0 | O101: =I101 -> 593424 | P101: =ROUND((O101*$G101),2) -> 593424
A102: 3.12 | E102: Colocación de GROUTING en concreto de 17.5 Mpa., para relleno de muro no estructural (bloque, tolete o catalán). Incluye mano de obra, vibrado, protección, curado y todos demás elementos necesarios para su correcta construcción. No incluye refuerzo. | F102: M3 | G102: 1 | I102: =ANEXO1!Z101 -> 325289.25 | J102: =I102 -> 325289.25 | L102: ='ANEXO 2'!Q101 -> 0 | M102: =ROUND((L102*$G102),2) -> 0 | O102: =I102 -> 325289.25 | P102: =ROUND((O102*$G102),2) -> 325289.25
... A108: 3.18 | E108: Construcción de Juntas de Dilatación Para Pïso. | F108: ML | G108: 1 | I108: =ANEXO1!Z107 -> 19594.77 | J108: =I108 -> 19594.77 | L108: ='ANEXO 2'!Q107 -> 0 | M108: =ROUND((L108*$G108),2) -> 0 | O108: =I108 -> 19594.77 | P108: =ROUND((O108*$G108),2) -> 19594.77
A109: SUBTOTAL | M109: =ROUND(SUM(M91:M108),2) -> 0 | P109: =ROUND(SUM(P91:P108),2) -> 3936549.4
A110: 4 | E110: CUBIERTAS E IMPERMEABILIZACIONES
A111: 4.1 | E111: Suministro e instalación de sistema de impermeabilización en poliurea en frio, para tráfico pesado | F111: M2 | G111: 1 | I111: =ANEXO1!Z110 -> 209262.32 | J111: =I111 -> 209262.32 | L111: ='ANEXO 2'!Q110 -> 249001.6 | M111: =ROUND((L111*$G111),2) -> 249001.6 | O111: =I111 -> 209262.32 | P111: =ROUND((O111*$G111),2) -> 209262.32
A112: 4.2 | E112: Suministro e instalación de manto asfáltico 4 mm con alma central de polietileno de alta densidad sin foil | F112: M2 | G112: 1 | I112: =ANEXO1!Z111 -> 76941.93 | J112: =I112 -> 76941.93 | L112: ='ANEXO 2'!Q111 -> 110979.41 | M112: =ROUND((L112*$G112),2) -> 110979.41 | O112: =I112 -> 76941.93 | P112: =ROUND((O112*$G112),2) -> 76941.93
A113: 4.3 | E113: Destrocado de superficie para retiro de material bituminoso y exposición de placa | F113: M2 | G113: 1 | I113: =ANEXO1!Z112 -> 28001.49 | J113: =I113 -> 28001.49 | L113: ='ANEXO 2'!Q112 -> 29987.88 | M113: =ROUND((L113*$G113),2) -> 29987.88 | O113: =I113 -> 28001.49 | P113: =ROUND((O113*$G113),2) -> 28001.49
A114: 4.4 | E114: Sello de fisuras y discontinuidades | F114: ML | G114: 1 | I114: =ANEXO1!Z113 -> 18242.5 | J114: =I114 -> 18242.5 | L114: ='ANEXO 2'!Q113 -> 31139.73 | M114: =ROUND((L114*$G114),2) -> 31139.73 | O114: =I114 -> 18242.5 | P114: =ROUND((O114*$G114),2) -> 18242.5
A115: 4.5 | E115: Suministro e instalación de flanche en lámina galvanizada calibre 26 con desarrollo de 0.60 mts | F115: ML | G115: 1 | I115: =ANEXO1!Z114 -> 62223.52 | J115: =I115 -> 62223.52 | L115: ='ANEXO 2'!Q114 -> 117268.26 | M115: =ROUND((L115*$G115),2) -> 117268.26 | O115: =I115 -> 62223.52 | P115: =ROUND((O115*$G115),2) -> 62223.52
A116: 4.6 | E116: Suministro e instalación de flanche en lámina galvanizada calibre 26 con desarrollo de 0.30 mts | F116: ML | G116: 1 | I116: =ANEXO1!Z115 -> 46683.29 | J116: =I116 -> 46683.29 | L116: ='ANEXO 2'!Q115 -> 72847.66 | M116: =ROUND((L116*$G116),2) -> 72847.66 | O116: =I116 -> 46683.29 | P116: =ROUND((O116*$G116),2) -> 46683.29
A117: 4.7 | E117: Suministro y aplicación de boquilla con mortero 1:3 impermeabilizado | F117: M2 | G117: 1 | I117: =ANEXO1!Z116 -> 28732.74 | J117: =I117 -> 28732.74 | L117: ='ANEXO 2'!Q116 -> 32460.75 | M117: =ROUND((L117*$G117),2) -> 32460.75 | O117: =I117 -> 28732.74 | P117: =ROUND((O117*$G117),2) -> 28732.74
A118: 4.8 | E118: Suministro y aplicación de impermeabilizante al frio sikafill 300 thermic o similar | F118: M2 | G118: 1 | I118: =ANEXO1!Z117 -> 43498.62 | J118: =I118 -> 43498.62 | L118: ='ANEXO 2'!Q117 -> 77099.07 | M118: =ROUND((L118*$G118),2) -> 77099.07 | O118: =I118 -> 43498.62 | P118: =ROUND((O118*$G118),2) -> 43498.62
A119: 4.9 | E119: Suministro y aplicación de poliuretano elastomerico en goteros, uniones de concreto | F119: ML | G119: 1 | I119: =ANEXO1!Z118 -> 38123.78 | J119: =I119 -> 38123.78 | L119: ='ANEXO 2'!Q118 -> 45363.56 | M119: =ROUND((L119*$G119),2) -> 45363.56 | O119: =I119 -> 38123.78 | P119: =ROUND((O119*$G119),2) -> 38123.78
A120: 4.1 | E120: Lavado e impermeabilizacion con hidrofugo muro y/o fachada en diferentes materiales, bloque de concreto abujardado, diferentes tipo de ladrillo, marmol incluye sellamiento de fisuras con Sika transparente 10 o similar | F120: M2 | G120: 1 | I120: =ANEXO1!Z119 -> 48762.61 | J120: =I120 -> 48762.61 | L120: ='ANEXO 2'!Q119 -> 0 | M120: =ROUND((L120*$G120),2) -> 0 | O120: =I120 -> 48762.61 | P120: =ROUND((O120*$G120),2) -> 48762.61
A121: 4.11 | E121: Suministro e instalación de membrana en PVC de 1200 micras, reforzada con poliéster antideslizante, resistente a rayos UV. Incluye remates necesarios para su instalación y correcto funcionamiento | F121: M2 | G121: 1 | I121: =ANEXO1!Z120 -> 217738.95 | J121: =I121 -> 217738.95 | L121: ='ANEXO 2'!Q120 -> 240150.14 | M121: =ROUND((L121*$G121),2) -> 240150.14 | O121: =I121 -> 217738.95 | P121: =ROUND((O121*$G121),2) -> 217738.95
A122: 4.12 | E122: Suministro e instalación de membrana en PVC de 1500 micras, reforzada con poliéster antideslizante, resistente a rayos UV. Incluye remates necesarios para su instalación y correcto funcionamiento | F122: M2 | G122: 1 | I122: =ANEXO1!Z121 -> 334770.59 | J122: =I122 -> 334770.59 | L122: ='ANEXO 2'!Q121 -> 490944.99 | M122: =ROUND((L122*$G122),2) -> 490944.99 | O122: =I122 -> 334770.59 | P122: =ROUND((O122*$G122),2) -> 334770.59
... A128: 4.18 | E128: Suministro, transporte e instalación de cubierta en paneles tipo Metecno o equivalente, Ref: Monoroof A-42 P/1000 G-4 (conformado de acero galvanizado prepintado cal 28 en cara externa y una cara con acabado en vinilo. | F128: M2 | G128: 1 | I128: =ANEXO1!Z127 -> 296792.4 | J128: =I128 -> 296792.4 | L128: ='ANEXO 2'!Q127 -> 0 | M128: =ROUND((L128*$G128),2) -> 0 | O128: =I128 -> 296792.4 | P128: =ROUND((O128*$G128),2) -> 296792.4
A129: SUBTOTAL | M129: =ROUND(SUM(M111:M128),2) -> 1497243.1 | P129: =ROUND(SUM(P111:P128),2) -> 2184369.6
A130: 5 | E130: CARPINTERIA METALICA Y MADERA
A131: 5.1 | E131: Suministro e instalación de bisagra hidráulica | F131: UN | G131: 1 | I131: =ANEXO1!Z130 -> 944529.49 | J131: =I131 -> 944529.49 | L131: ='ANEXO 2'!Q130 -> 1123897.3 | M131: =ROUND((L131*$G131),2) -> 1123897.3 | O131: =I131 -> 944529.49 | P131: =ROUND((O131*$G131),2) -> 944529.49
A132: 5.2 | E132: Puntos de anclaje | F132: UN | G132: 1 | I132: =ANEXO1!Z131 -> 368031.67 | J132: =I132 -> 368031.67 | L132: ='ANEXO 2'!Q131 -> 437921.54 | M132: =ROUND((L132*$G132),2) -> 437921.54 | O132: =I132 -> 368031.67 | P132: =ROUND((O132*$G132),2) -> 368031.67
A133: 5.3 | E133: Suministro e instalación de puerta y marco en madera de .80 a .1,00 x 2.20 | F133: UN | G133: 1 | I133: =ANEXO1!Z132 -> 858742.63 | J133: =I133 -> 858742.63 | L133: ='ANEXO 2'!Q132 -> 1021819.4 | M133: =ROUND((L133*$G133),2) -> 1021819.4 | O133: =I133 -> 858742.63 | P133: =ROUND((O133*$G133),2) -> 858742.63
...
